Workbook
Name Countries: Countries!$A$2:$A$250
Name DevCells: '2. Progress towards outcomes'!#REF!
Name DevCells: #REF!
Name DevRatings: '2. Progress towards outcomes'!#REF!
Name DevRatings: #REF!
Name DevScore: #REF!
Name DevScore: _Calc!$D$20
Name ImpCells: '3. Implementation Progress'!$D$70:$M$72
Name ImpRatings: '3. Implementation Progress'!$D$70:$M$72
Name ImpScore: #REF!
Name ImpScore: _Calc!$D$21
Name NumRating: #REF!
Name NumRating: _Calc!$B$2:$B$9
Name TxtRating: #REF!
Name TxtRating: _Calc!$A$2:$A$9
Name Weights: #REF!
Name Weights: _Calc!$E$14:$I$14
Name Weights2: #REF!
Name Weights2: _Calc!$E$17:$H$17

Sheet Table of Contents
B6: FAO-GEF Project Implementation Report
B7: 2026 – Revised Template
B8: Period covered: 1 July 2025 to 30 June 2026
B9: Table of Contents
B10: =HYPERLINK("#'1. Basic project data'!N10","1. BASIC PROJECT DATA") -> 1. BASIC PROJECT DATA
B11: =HYPERLINK("#'2. Progress towards outcomes'!N11","2. PROGRESS TOWARDS ACHIEVING PROJECT OBJECTIVE(S) (DEVELOPMENT OBJECTIVE)") -> 2. PROGRESS TOWARDS ACHIEVING PROJECT OBJECTIVE(S) (DEVELOPMENT OBJECTIVE)
B12: =HYPERLINK("#'3. Implementation Progress'!N12","3. IMPLEMENTATION PROGRESS (IP)") -> 3. IMPLEMENTATION PROGRESS (IP)
B13: =HYPERLINK("#'4. Summary on progress'!N13","4. SUMMARY ON PROGRESS AND CHALLENGES") -> 4. SUMMARY ON PROGRESS AND CHALLENGES
B14: =HYPERLINK("#'5. ESS Risk'!N14","5.ENVIRONMENTAL AND SOCIAL SAFEGUARDS (ESS):RISKS FROM THE PROJECT") -> 5.ENVIRONMENTAL AND SOCIAL SAFEGUARDS (ESS):RISKS FROM THE PROJECT
B15: =HYPERLINK("#'6. Risks to the project'!N15","6. RISKS TO THE PROJECT") -> 6. RISKS TO THE PROJECT
B16: =HYPERLINK("#'7. Follow-up on Mid-term review'!N16","7. FOLLOW-UP ON MID-TERM REVIEW OR SUPERVISION MISSION") -> 7. FOLLOW-UP ON MID-TERM REVIEW OR SUPERVISION MISSION
B17: =HYPERLINK("#'8. Minor project amendments'!N17","8. MINOR PROJECT AMENDMENTS") -> 8. MINOR PROJECT AMENDMENTS
B18: =HYPERLINK("#'9. Stakeholders' Engagement'!N18","9. STAKEHOLDERS' ENGAGEMENT") -> 9. STAKEHOLDERS' ENGAGEMENT
B19: =HYPERLINK("#'10. Gender Mainstreaming'!N19","10. GENDER MAINSTREAMING") -> 10. GENDER MAINSTREAMING
B20: =HYPERLINK("#'11. Knowledge Management'!N20","11. KNOWLEDGE MANAGEMENT ACTIVITIES") -> 11. KNOWLEDGE MANAGEMENT ACTIVITIES
B21: =HYPERLINK("#'12. Indigenous & Local Involve.'!N21","12. INDIGENOUS PEOPLES AND LOCAL COMMUNITIES INVOLVEMENT") -> 12. INDIGENOUS PEOPLES AND LOCAL COMMUNITIES INVOLVEMENT
B22: =HYPERLINK("#'13. Co-Financing Table'!N22","13. CO-FINANCING TABLE") -> 13. CO-FINANCING TABLE
B23: =HYPERLINK("#'14. GEO Location'!N23","14. GEO LOCATION INFORMATION") -> 14. GEO LOCATION INFORMATION
B29: IMPORTANT DISCLAIMER:
B30: The final version of this PIR will be submitted to the GEF Secretariat.
B31: The report will then be publicly available on the GEF website (click here).
B32: Sensitive information should be submitted in Annex to be uploaded separately.
B33: In such cases, please contact faogef-pir-support@fao.org for guidance.

Sheet 1. Basic project data
B2: 1. Basic Project Data
B3: General Information
B4: Region: | E4: Europe and Central Asia (REU)
B5: Country(ies): | E5: Azerbaijan, Kazakhstan, Kyrgyzstan, Tajikistan, Türkiye
B6: Project Title: | E6: Lifecycle Management of Pesticides and Disposal of POPs Pesticides in Central Asian countries and Türkiye
B7: FAO Project Symbol: | E7: GCP/SEC/011/GFF
B8: GEF ID: | E8: 5000
B9: Type of Trust Fund(s): | E9: GFF
B10: GEF Focal Area(s): | E10: Chemicals (Persistent Organic Pollutants – POPS)
B11: Project Executing Partners: | E11: a. Azerbaijan: Ministries of Agriculture, Environment and Health, Food Safety Agency (new, not in ProDoc); b.Kazakhstan: Ministries of Agriculture, Environment and Health; c. Kyrgyzstan: Ministry of Water Resources, Agriculture and Processing Industry; Ministry of Natural Resources, Ecology and Technical Supervision (new, not in ProDoc. Changes are due to fundamental government reorganisation in spring 2021); d. Tajikistan: Committee of Environmental Protection under the Government of the Republic of Tajikistan in collaboration with the Ministries of Agriculture and Health; e. Türkiye: Ministry of Agriculture and Forestry.
B12: Initial project duration (years): | E12: 4 years
B13: Project Dates
B14: GEF CEO Endorsement Date: | E14: 42657
B15: Actual Agency Approval Date | E15: 42654
B16: Project Implementation Start Date/EOD: | E16: 43388
B17: First Disbursement Date | E17: 43507
B18: Planned Project End Date/NTE1: | E18: 44848
B19: Revised project implementation End date (if approved)2: | E19: 30/06/2026
B20: Actual Completion Date: | E20: 30/06/2026
B21: Expected Financial Closure Date: | E21: 46568
B22: Funding
B23: GEF Grant Amount (USD): | E23: 8136986
B24: Total GEF grant delivery (as of June 30, 2026 (USD): | E24: 7906683.7
B25: Total Co-financing amount (USD)3: | E25: ='13. Co-Financing Table'!K30 -> 38300000
B26: Total estimated co-financing materialized as of June 30, 20264: | E26: ='13. Co-Financing Table'!N30 -> 1.3369051e+08
B27: M & E Milestones
B28: Date of Last Project Steering Committee (PSC) Meeting: | E28: 19/12/2025
B29: Expected Mid-term Review date5: | E29: N/A
B30: Actual Mid-term review date (if already completed): | E30: 44657
B31: Expected Terminal Evaluation Date6: | E31: completed
B32: Overall ratings
B33: Overall rating of progress towards achieving objectives/outcomes (cumulative): | E33: =_xlfn.XLOOKUP(DevScore, NumRating, TxtRating, "Not Rated") -> Satisfactory (S)
B34: Overall implementation progess rating: | E34: =_xlfn.XLOOKUP(ImpScore, NumRating, TxtRating, "Not Rated") -> Satisfactory (S)
B35: Overall risk rating: | E35: ='6. Risks to the Project'!C62 -> Moderate
B36: Status
B37: Implementation Status (1st PIR, 2nd PIR, etc. Final PIR): | E37: Final PIR
B40: 1 Date that was originally foreseen at the project’s operationalization and indicated in FPMIS. 2 If NTE extension has been requested and approved by the FAO-GEF Coordination Unit. 3 This is the total amount of co-financing as included in the CEO Document/Project Document. 4 Please refer to the Section 13 of this report where updated co-financing estimates are requested and indicate the total co-financing amount materialized. 5 The Mid-Term Review (MTR) should take place after the 2nd PIR, around half-point between EOD and NTE. The MTR report in English should be submitted to the GEF Secretariat within 4 years of the CEO Endorsement date. 6 The Terminal Evaluation date should be discussed with OED 6 months before the project’s NTE date.
B45: Project Contacts
B46: Contact | E46: Name, Title, Division/Institution | I46: E-mail
B47: Project Coordinator (PC) | E47: Stephan Robinson, Senior Technical Advisor, FAO SEC | I47: stephan.robinson@fao.org
B48: Budget Holder (BH) | E48: Nabil Gangi | I48: Nabil.Gangi@fao.org
B49: GEF Operational Focal Point (GEF OFP) | E49: AZE: Emin Garabaghli, Head, International Cooperation Division, Ministry of Ecology and Natural Resources KAZ: Saule Sabiyeva, Deputy Director of the Climate Policy Department, Ministry of Environment and Natural Resources KGZ: Mirslav Amankulov, Deputy Minister of Natural Resources, Environment and Technical Supervision TJK: Bahodur Ahmadjon Sheralizoda, Chairman, Committee for Environmental Protection TUR: Ahmet Bağci, Deputy Minister – DR, Ministry of Agriculture and Forestry
B50: Lead Technical Officer (LTO) | E50: Artur Shamilov, Regional Agricultural Officer, FAO REU | I50: artur.shamilov@fao.org
B51: GEF Technical Officer (GTO) | E51: Kaan Evren Basaran, Funding Liaison Officer | I51: kaan.basaran@fao.org
B54: Key Project Management Unit Personnel
B56: Please indicate the composition of the PMU as per the Terms of Reference in the ProDoc. If any new position was establised during the project implementation, please insert it accordingly.
B59: Position planned (as per ProDoc) | E59: Position filled (Yes/No) | F59: Start date, Name, Contact | J59: Comments
B61: International Consultant: Chief Technical Adviser – Pest and Pesticide Management | E61: Yes | F61: 16-Dec-2019, Stephan Robinson, stephan.robinson@fao.org
B63: Social and economic mainstreaming & awareness Communications coordinator | E63: No
B65: Component National Team Leader – Component 1 | E65: Yes | F65: AZE: 27-May-2020, Bariz Mehdiyev, 01-Jun-2023, Gular Adigozalzade (former NTLs: Elmaddin Namazov + Shahin Isayev) KAZ: 10-Jan-2022, Saltanat Bayeshova KGZ: 28-May-2019, Elaman Diusheev TJK: 01-Feb-2022, Nurali Saidov (former NTLs: Masuda Saidova + Shahzod Avazov) TUR: 05-Nov-2021 Cem Erdogan (former NTL: Birim Mor)
B67: International Consultant(s) – Inventory, EA/ EMP Development, Safeguarding and Disposal of Pesticide Stocks | E67: Yes | F67: 16-Dec-2019, Stephan Robinson, stephan.robinson@fao.org 02-Nov-2020, Russell Cobban, russell.cobban@gmail.com 16-Mar-2020, Ed Verhamme, ed.verhamme@alternateresourcepartners.nl 10-May-2024, Egmont Ottermann, ewottermann@resiliant.africa 10-Sep-2022, Khatuna Akhalaia, ekophary@yahoo.com 02-Sep-2022, Indira Zhakipova, indira.zhakipova@gmail.com 25-Apr-2023, Petr Sharov, psharov@ehpmi.org
B69: International Consultant – Disposal Option review | E69: Yes | F69: See previous row
B71: International Consultant: Container Management | E71: Yes | F71: 23-Dec-2020, Alexander Efimkin, alexander.efimkin@yandex.ru
B73: National Consultant(s) – Inventory, EA/ EMP Development, Safeguarding and Disposal of Pesticide Stocks | E73: Yes | F73: 15-Oct-2019, Khoshgadam Alasgarova, Azerbaijan 2022-2024: EcoForum, EcoMuseum, Human Health Institute, Kazakhstan National Team Leaders
B75: National Consultant – Soil Decontamination | E75: No | F75: 2022-2024: EcoForum, EcoMuseum, Human Health Institute, Kazakhstan National Team Leaders
B77: Local NGO or company for container management pilot | E77: Yes | F77: Kyrgyzstan: 2024/2024, Agri Union, Bishkek Kazakhstan: 2024, Assel Shahanova, a_shakhanova123@mail.ru
B79: Local NGOs for awareness raising | E79: Yes | F79: Kazakhstan + Regional: 2023-2025, Centre “Cooperation for Sustainable Development”, Almaty, Kazakhstan Tajikistan; 2022-2025, Peshsaf, Dushanbe
B81: International Consultant - Pesticides Legislation | E81: No | F81: 30-Jul-2020, Irina Kireeva, kireevadudley@gmail.com
B83: International Consultant: Pesticide Management & Exposure | E83: No
B85: National consultant: Component 2 Team Leader | E85: Yes | F85: AZE: 27-May-2020, Bariz Mehdiyev, 01-Jun-2023, Gular Adigozalzade (former NTLs: Elmaddin Namazov + Shahin Isayev) KAZ: 10-Jan-2022, Saltanat Bayeshova KGZ: 28-May-2019, Elaman Diusheev TJK: 01-Feb-2022, Nurali Saidov (former NTLs: Masuda Saidova + Shahzod Avazov) TUR: 05-Nov-2021 Cem Erdogan (former NTL: Birim Mor)
B87: National Consultants – Legislation Review (3 countries) | E87: Yes | F87: Azerbaijan; 03-Dec-2019, Shamil Huseynov shh_azinas@yahoo.com 15-Jul-2024, Sabit Abdullayev, sabit.abdullayev@gmail.com Kazakhstan:16-Jun-2022, Aigerim Daumenova, daumenova2014@gmail.com 26-May-2025, Aliya Yerdvaliyeva, aliya.yerdvaliyeva@fao.org Kyrgyzstan; 19-Dec-2019, Oleg Pecheniuk, op_67@mail.ru 14-Feb-2025, Almaz Davletov, almaz.davletov@multi-s.com Tajikistan: 10-Dec-2020, Azamat Pulatov, azamat011985@mail.ru
B89: National Consultants: Pesticide registration, labeling and operator exposure) – TUR, TAJ, | E89: No
B91: National Consultant – Pesticide Application Expert in TURKEY | E91: No
B93: Contract: - Analysis of exposure monitoring (TUR) | E93: No
B95: Contract: Translation and publication of guidance and toolkits | E95: Yes | F95: 2021-2022, Association of Ecological Agriculture Organization (Ekolojik Tarim Organizasyonu Dernegi)
B97: International Consultant: IPM Specialist | E97: Yes | F97: 01-Oct-2019, Zsuzsanna Keresztes, zsuzsanna,keresztes@fao.org 25-Oct-2023, Jozsef Kiss, jozsef.kiss@uni-mate.hu
B99: National Consultant: Component 3 Team Leader | E99: Yes | F99: AZE: 27-May-2020, Bariz Mehdiyev, 01-Jun-2023, Gular Adigozalzade (former NTLs: Elmaddin Namazov + Shahin Isayev) KAZ: 10-Jan-2022, Saltanat Bayeshova KGZ: 28-May-2019, Elaman Diusheev TJK: 01-Feb-2022, Nurali Saidov (former NTLs: Masuda Saidova + Shahzod Avazov) TUR: 05-Nov-2021 Cem Erdogan (former NTL: Birim Mor)
B101: National Consultant: IPM awareness raising – NGO, KYR, KAZ | F101: Azerbaijan;11-Apr-2023, Nizami Kazimov, nizami.kazimov@agrodairy.az Kazakhstan: 2023-2025, Kazakh Research Institute of Plant Protection and Quarantine named after Zh. Zhiyembayev Kyrgyzstan; 2020-2022 Kyrgyz National Agrarian University Association for development of Agroindustrial Complex Türkiye: 2020-2025, Isparta Fruit Research Institute MAREM, ismailkaraca@isparta.edu.tr 2020, Ankara Provincial Directorate 2021, Isparta Young Businesspeople Association
B103: National Consultant: Statistician | E103: No | F103: Evaluation done by institutions in previous row
B105: Contract: Implementing Partner for Pest Monitoring (3 contracts in 3 countries, Output 3.1) | E105: No
B107: Contract: Implementing Partner for IPM demonstration in Kazakhstan and Kyrgyz Republic (Output 3.2)
B109: Contract: Implementing Partner for Cost Benefits Comparative Study (PANUK-Output 3.3) | E109: No
B111: International Consultant on contaminated soil and landfill management | E111: Yes | F111: 21-Jun-2022, Boudewijn Fokke, boudewijn.fokke@gmail.com
B113: Pesticide Exposure Assessment | E113: Yes | F113: 2023-2024, PAN UK, sheila@pan-uk.org
B115: Pesticide Poisoning Diagnosis and Treatment | E115: Yes | F115: 2024, Biocidal Occupational and Environmental Health Association (Biyosidal Is ve Cevre Sagligi Dernegi)
B117: Organic Schoolgarden Establishment | E117: Yes | F117: 2022-2023, Social-Ecology Center “EkoSfera”, Baku, Azerbaijan 2022-2023, Vladimir Shevtsov, shevtsov@greencross.by
B119: Bio- and phyto-remediation trials | E119: Yes | F119: Kazakhstan: 2023-2025, Republican State Enterprise with Right for Economic Management "Institute of Plant Biology and Biotechnology" of the Committee of Science of the Ministry of Education and Science of the Republic of Kazakhstan Kyrgyzstan: 2021-2024, Turkish-Kyrgyz Manas University, Bishkek, tdoolotkeldieva@gmail.com
B121: International Consultant on pesticide registration | E121: Yes | F121: Türkiye: 2024-2025, Meltem Büyükyavuz, berfin-ozan@hotmail.com 2023-2025, Cem Erdogan, cem.erdogan@fao.org 2023-2024, Diana Gurzadyan, dingur99@yahoo.com | J121: Meltem worked for AZE, Cem worked for AZE and KGZ and TJK, Diana for KGZ
B123: National Consultant on better spraying practices | E123: Yes | F123: Türkiye: 2025, Abdullah Golpinar, NC on Machinery Tools Application Bayram Kerimoglu, NC on CMS Osman Ari, NC on Better Spraying Practices & Safety Measures
B125: International Consultant on gender-disaggregated pesticide use | E125: Yes | F125: 2020-2021, Zsofia Bossanyi
B127: National Consultant on Environmental Impact Assessment | E127: Yes | F127: 12-Mar-2024, Taisia Neronova, neronova@rambler.ru
B129: International Consultant on HHP assessment | E129: Yes | F129: 2023-2024, Alejandra Loayza, ale_zurda@hotmail.com

Sheet _Calc
A1: Rating text | B1: Score
A2: Highly Unsatisfactory (HU) | B2: 1
A3: Unsatisfactory (U) | B3: 2
A4: Moderately Unsatisfactory (MU) | B4: 3
A5: Moderately Satisfactory (MS) | B5: 4
A6: Satisfactory (S) | B6: 5
A7: Highly Satisfactory (HS) | B7: 6
A8: Unknown | B8: 0
A9: Not Rated | B9: 0
D12: for DevScore
D13: Person | E13: PM/Coord | F13: Budget Holder | G13: LTO | H13: GEF OFP | I13: GTO
D14: Weight % | E14: 20 | F14: 25 | G14: 25 | H14: 0 | I14: 30
D15: For ImpScore
D16: Person | E16: PM/Coord | F16: LTO | G16: GEF OFP | H16: GTO
D17: Weight % | E17: 25 | F17: 35 | G17: 0 | H17: 40
A19: Once you've filled in 2. Progress towards outcomes & 3. Implementation Progress
A20: Please double click and press enter on Cells D20 and D21 | D20: {=_xlfn.LET(_xlpm.hdrRow,MATCH("*Development*Objective*rating*",'2. Progress towards outcomes'!$B:$B,0),_xlpm.rRow,_xlpm.hdrRow+1,_xlpm.ratings,INDEX('2. Progress towards outcomes'!$C:$G,_xlpm.rRow,0),_xlpm.scores,_xlfn.XLOOKUP(_xlpm.ratings,TxtRating,NumRating,0),ROUND(SUMPRODUCT(_xlpm.scores,Weights)/SUM(Weights),0))} -> 5
D21: {=ROUND( SUMPRODUCT( _xlfn.XLOOKUP( CHOOSE({1,2,3,4}, '3. Implementation Progress'!D70, '3. Implementation Progress'!F70, '3. Implementation Progress'!J70, '3. Implementation Progress'!L70 ), TxtRating, NumRating, 0 ), Weights2 ) / SUM(Weights2), 0)} -> 5

Sheet Countries
A1: Select Country
A2: Afghanistan
A3: Åland Islands
A4: Albania
A5: Algeria
A6: American Samoa
A7: Andorra
A8: Angola
A9: Anguilla
A10: Antarctica
A11: Antigua and Barbuda
A12: Argentina
... A250: Zimbabwe

Sheet TypeofTrustFund
A1: Type of Trust Fund
A2: Capacity-building Initiative for Transparency (CBIT)
A3: Global Biodiversity Framework Fund (GBFF)
A4: Global Environment Facility Trust Fund (GFF)
A5: Least Developed Countries Fund (LDCF)
A6: Special Climate Change Fund (SCCF)
A7: Small Grants Program (SGP)

Sheet FocalArea
A1: Focal Area
A2: Multi Focal Area
A3: Biodiversity
A4: Chemicals and Waste
A5: Chemicals/PoPs
A6: Climate Change
A7: Climate Change Adaptation
A8: Climate Change Mitigation
A9: International Waters
A10: Land Degradation

Sheet 2. Progress towards outcomes
A1: 2. Progress towards Achieving Project Objective(s) (Development objective)
A3: (All inputs in this section should be cumulative from project start, not annual)
A6: Region:
A7: Project or Development Objective | B7: Outcomes | C7: Outcome indicators | D7: Baseline | E7: Mid-term Target | F7: End-of-project Target | G7: Cumulative progress level at 30 June 2026 | H7: % of cumulative progress | I7: Progress rating
B8: Outcome 1: 900 tonnes of POPs and obsolete pesticides are disposed of in an environmentally sound manner; and risks from obsolete stocks, contaminated sites and empty pesticide containers are further quantified and reduced | C8: a) Technical capacity available for environmentally sound disposal options for POPs and other hazardous wastes in the Central Asian region | D8: No environmentally sound disposal option existing due to inability to export wastes because of transit restrictions. Alternatives in the region need to be evaluated: CKT, SCWO, HTI to be built/upgraded. | E8: Year 1: Follow up investigation on the feasibility of POPs pesticides disposal in AZE, TJK and TUR completed Political advocacy on lifting of export ban organized Year 2: Disposal strategy (new technology in the region or export) agreed | F8: Year 3: Test destruction in new regional facility completed | G8: Output 1.1: National inventories * AZE: Inventory of 19 sites was done in 2019. All sites must be considered contaminated. At seven sites, a total of 350 metric tonnes (MT) of OP identified, additional buried amount of 100 MT suspected at one site. In addition, 10’000+ MT of obsolete pesticides (mostly POPs) centralised at Jangi storage facility and at least 25’000 MT of contaminated soil needing treatment. Azerbaijan requested in April 2023 an additional inventory in its new areas, however, due to lack of demining of the potential sites the request has been canceled; * KAZ: In view that only fragmented data existed on obsolete pesticides in Kazakhstan, it was decided to implement a full national inventory. In a first step, archival data were researched and eight inventory trainings conducted for representatives of government agencies, local executive bodies, and NGOs) across all regions of Kazakhstan (129 participants, 86 women, 43 men). Three Oblasts were inventoried in 2022, followed by all remaining Oblasts in 2023. Based on the initial screening of historical data, a total of 964 sites across 15 Oblasts were visited in 2022-2023. The inventory identified 168 sites with obsolete pesticides containing a total of 1 261 m³ of mixed pesticides without packaging, at least 146 728 m3 of contaminated soil, about 81 metric tonnes of solid and 404 litres of liquid obsolete pesticides as well as about 1 500 empty pesticide containers needing management. In addition, six burial sites across four Oblasts have been identified. The amount of wastes buried there will be known only after undertaking site-specific investigations. It must be assumed that the figures above are lower estimates. It is likely that more sites will be identified in future or that existing sites contain larger quantities of materials (e.g., buried pesticides) than estimated during the inventories. An inventory report has been developed which provides the inventory data, identifies the highest risk sites, which should be prioritised for remediation, and provides recommendations for an effective national approach to manage in a safe manner Kazakhstan’s obsolete pesticide legacy. All data have been introduced into a GIS system installed at and managed by the MoE. Based on the inventory work, MoE established a Working Group on POPs management, which includes other ministries and institutions. * KGZ: A national inventory of 62 sites was done in 2021. At 26 sites, approximately 5’000 MT of OP found (90 % buried at three landfills, rest scattered across various sites). Many of the former store sites are ownerless, in poor condition, posing a potential hazard to human health and the environment; * TJK: Project inventoried obsolete pesticides at 55 sites in Sukhd Oblast, the last non-inventoried region, and reconciled data from various prior inventories to generate a first national inventory. Data show that main challenge in Tajikistan is not obsolete pesticides in stores but the large volumes of contaminated soil around the 200 mini-landfills across the country. However, there is currently no understanding of the size of the challenge to remediate these 200 sites (contaminants, concentrations, total volume of contaminated materials). Hence, 20 Rapid Environmental Assessments (REAs) were undertaken in October-November 2023 to contribute to a national mini-landfill inventory. Samples taken were send to an analytical lab, based on which the site risk characterisations were done in February 2024. * TUR: OP inventoried at 16 stores across the country. The stocks have been pre-centralised at 11 stores for their safeguarding and disposal in 2024 (→ see Output 1.3). * AZE, KAZ, KGZ, TJK: Training and technical support was provided for better information management of obsolete pesticides by using a Geographical Information System (GIS). The trainings conveyed fundamental methods for data management, digitalisation and spatial analysis of national inventory data on obsolete pesticides using GIS tools and methods. In total, 86 country representatives participated in the trainings. Based on the training, digitalisation of the KAZ inventory data was done. The key role of GIS technologies in obsolete pesticide management was presented for further awareness raising in the conference on digitalisation in agriculture (attached to the April 2024 PSCM in Almaty) and on the World Soil Day (19 December 2024 in Astana). | H8: 1 | I8: Satisfactory (S)
C9: b) 900 tonnes of POPs and other obsolete pesticides safeguarded and disposed of | D9: TUR: 1’239 tonnes of waste safeguarded | E9: Year 1: National inventories updated and validated in AZE, KAZ, and TJK Year 2: Risk reduction and disposal strategies for obsolete stocks adopted in AZE, KAZ and TJK and start of implementation | F9: Year 3: Inventoried stocks safeguarded in AZE, KGZ, and TJK (if disposal options in KGZ and TJK available). Start of disposal in AZE (KGZ and TJK) Year 4: Disposal of min. 900 MT completed in AZE (KGZ and TJK) | G9: Output 1.2: Disposal strategy * Regional disposal strategy developed 2021. * Options for export for disposal were investigated with negative result for all countries. Last turndown received in 2023 in communication between KGZ and China. * AZE: The Holcim Garadagh cement kiln was benchmarked in 2021 for its ability to co-process POPs wastes in compliance with relevant Basel Convention Technical Guidelines. Discussion was held with GEF on 10 June 2022 whether and how to move forward with testing and permitting co-processing. GEF directed to explore further the option of co-processing in close collaboration with GEF STAP and with all steps to be documented for GEF. Following a meeting with Holcim Azerbaijan and Geocycle (the alternative fuels arm of Holcim) in Baku in September 2022 to discuss the benchmark results and the further way forward, a scientific-technical assessment of the probability of successful destruction of POPs pesticides in compliance with the Basel Convention Technical Guidelines at the Holcim Garadagh kiln was undertaken in 2H/2022. Based on the positive recommendations of both assessment reports, three Azerbaijani ministries requested a performance test to demonstrate compliance of POPs co-processing with Basel Convention and national requirements. Following the request, a Task Force has been established including all relevant government institutions, project team and technical consultants to share information, advice and provide necessary support in developing and conducting the performance test. The test protocol has been developed and presented at a first Task Force meeting on 14 June 2024. The test protocol has been submitted to FAO NSP and the GEF for review and comment. Following the non-objection of all reviewing parties, three major activities were undertaken in 2025 for the preparation of the performance test: 1) Additional chemical analysis of the waste to be co-processed during the performance test was undertaken. Aim was to establish the relation between chlorine and DDT contents in the drums, which is important to know to compute the DE/DRE of the performance test. Based on the lab results, the feed order of the drums ensuring a constant chlorine level in the kiln was defined. A total of 757 drums were palletised in the feed order and are now ready for the test. 2) A logistics company was selected which will load the pallets into shipping containers and transport them from their current location to the Garadagh kiln. 3) Emission monitoring during the performance test was tendered. Based on a competitive selection, a highly experienced emission testing company was contracted. The test was initially scheduled for October 2025, but had to be canceled on a very short notice as the kiln did not run stably and could potentially have to be shut down in the midst of the performance test. Following a personal meeting between the Minister of Agriculture of Azerbaijan and the project BH, it was decided to move the test to April 2026 following the annual shutdown, servicing and upgrade of the kiln. The performance test has been undertaken 13-27 April 2026. The test was successful, reaching a DDT destruction level (both DE and DRE) between 99.9999980 % and 99.9999988 %, which is about 80 times higher than the DRE of 99.9999 % required by the Basel Convention. * AZE: On 20 September 2023, a workshop was held in Baku on improving the management of obsolete pesticides and prevent their recurrence. The workshop, among other, has facilitated the establishment of an inter-ministerial commission addressing the management of obsolete pesticides and contaminated soils. * AZE: Following a request by MoA, an assessment of the management capacity at the Jangi obsolete pesticides storage facility was done in July 2023. Based on identified gaps, a training to improve site management and discuss equipment and site upgrade needs was held in 11-15 December 2023. In July/August 2024, SOPs for handling the wastes at the Jangi storage facility were developed by an IC based on International Best Practices. A NC was subsequently recruited to review and adapt these SOPs considering national Azerbaijani requirements and identify additional national capacity gaps for their proper implementation. 150 IBCs for storing liquid wastes were procured for Jangi. The development of an electronic Waste Management Information System (WMIS) was tendered. Work on the WMIS started in January 2025, the system is to register delivered wastes, its storage location, safety information, and in future also mark disposal of the volumes. The system has been delivered to ASA in October 2025, which will manage its further operation and development. To improve capacity for safe handling of wastes at Jangi, a tender was published on UNGM to procure various equipment, which was delivered in 2Q/2026. * KAZ: Benchmarking of one cement kiln (JSC “Jambyl Cement”, Vicat company) for its ability to co-process POPs wastes in compliance with the relevant Basel Convention Technical Guidelines was done in December 2022. The results were presented to the government during a 19 April 2024 workshop in Almaty. While based on the initial assessment the plant is technically able to co-process POPs wastes, current legislation does only have provisions for incinerating, but not for co-processing hazardous wastes. As treatment of hazardous wastes is to happen in a legally regulated space, legislation should be updated first to add co-processing as an allowed technology for hazardous waste treatment. A legislation draft based on best practices for co-processing wastes was developed. * KAZ: An initial review of existing high-temperature disposal capacity in the country was made. Compliance of these incinerators with international standards is doubtful, waste can only be fed in very small batches, and annual disposal capacity for highly chlorinated halogens is incongruent with the amount to be disposed of. Also, national legislation does not foresee regular monitoring of dioxin and furan in absence of accredited national labs. There is also no clear understanding of the role of a performance test to demonstrate disposal safety and compliance of the disposal DE/DRE with the levels set forth by the Stockholm and Basel Conventions. To overcome all these challenges, the MoE established a Working Group on POPs management. * KGZ: A round-table was held on 20 April 2023 in Bishkek to discuss the development of a national strategy for OP management. As an element of this strategy, a roadmap for the construction of two central stores for safeguarded obsolete pesticides in the North and the South of the Republic has been jointly developed with the main partners and approved by relevant Ministries. The road map includes: volumes of OP to be safeguarded; possible store locations with advantages and disadvantages; criteria for the selection of stores. A key obstacle for the overall safeguarding process is the missing designation of the government entity responsible for the management of obsolete pesticides, without which work cannot start. Despite repeated discussions with ministries and the presidential office, no decision on the responsible entity was obtained, which impacted plans for safeguarding obsolete pesticides and constructing central stores. In view of the remaining limited project time, it was decided to refrain from constructing a central store(s), as no decision on the siting could be obtained in 2024. However, nearly 100 MT of obsolete pesticides in the Osh region can still be safeguarded without a governmental decision (see next Output 1.3). The project also supported the design of three options for a central store, the design documents have been transferred to the ministry for further action. (Note: The Ministry of Natural Resources, Ecology and Technical Supervision has been designated as the responsible entity on 21 January 2026.) * For KGZ + TJK: both countries will not investigate disposal options but want waste to be contained (information from communication with related GEF/UNEP project). * TUR: Has well developed national disposal capacity including for POPs waste (but does not accept imported waste). * Webinars were held on POPs disposal options (24 June 2020, 21 participants) and empty pesticides container management systems (CMS) (14 October 2020, 170 participants). Output 1.3: Safeguarding and disposal of 900 metric tonnes (MT) *AZE: 210.342 MT of liquid POPs and other obsolete pesticides safeguarded at central Jangi storage facility. Materials repacked in 11 402 UN-approved drums in a locked store building and awaiting disposal. A video on Jangi and obsolete pesticides safeguarding was finalised in early 2024. The safeguarded wastes are ready for disposal following a successful performance test at the Holcim plant (see 1.2 above), however, while about 500 drums were used for the performance test, the balance will have to be managed by ASA under a government-funded disposal campaign. During discussions in October 2025 and April 2026, ASA underlined that based on a successful performance test they will make a budget request for the disposal of the remaining drums and initiate work for disposing of the solid OP in the Soviet bunkers (10 000 MT). * KAZ: From 30 March – 6 April 2026, an obsolete pesticides store in the village of Nekrasovka, Denisov District, Kostanay Region, was safeguarded. In total, 6 916.8 kg of obsolete pesticides and contaminated materials were repacked into UN-certified packaging in line with best international practice for hazardous chemicals management. The work took place in presence of an experienced FAO supervisor. An Act of Completion of Works was signed, thus handing the waste back to MoE, which intends to move it away and dispose of it until end 2026. * KAZ: The development of lab standards for the analysis of certain key pesticides was supported as otherwise safeguarding and disposal of OP could not be monitored. National methodologies needed to be developed standardising laboratory testing procedures, accreditation, staff certification, and quality management, ensuring reliable and comparable results; defining regulatory standards, providing clear guidelines for accreditation and testing standards, inspections and compliance checks. Although many methodologies exist as European standards, they cannot be directly applied in Kazakhstan due to differences in legislation, technical infrastructure, and local conditions. Therefore, they require first formal adaptation and approval as Kazakh national standards to ensure legal recognition and practical applicability. The same applies to ISO standards, which, under national legislation, cannot be used for national laboratory accreditation or state procurement unless officially adopted as National Standards (ST RK) or as GOST. The adoption order was issued on 30 December 2025 and the standards will enter into force on 1 July 2026. * KGZ: The plan to construct two central stores for obsolete pesticides had to be terminated due to the lack of a governmental entity which would be responsible for the stores (see 1.2 above). The project decided thus to safeguard as much as possible of the known 26 OP sites, but had also to refrain from this plan for the same reason. Nevertheless, safeguarding of a stock of almost 100 MT of obsolete pesticides stored at a military base in the Osh region was initiated as for this site, no governmental decision was needed. An Environmental Impact Assessement (EIA) for the safeguarding work was developed and approved by MoE. a training for the safeguarding team was held 25/26 June 2024. Safeguarding was undertaken in April 2025. Due to a wrong delivery of salvage drums, correct salvage drums needed to be re-procured from a different provider. The salvage drums arrived in late December 2025. From 20-27 April 2026, the remaining 9 drums with liquid obsolete pesticides remaining from the 2025 safeguarding campaign have been repackaged and the materials transferred to Ministry of Defense. And in Batken, 16 953 kg of obsolete pesticides with soils have been repackaged and the materials transferred to the Kulundu local self-government. * TUR: A total of 14.173 MT of obsolete pesticides collected from 11 stores were safeguarded and disposed of by high-temperature incineration in July 2024. The obsolete pesticides were initially located at 16 stores, but pre-centralised by MoAF to 11 stores. Also, MoAF is continuing its efforts to reduce the generation of expired and obsolete pesticides, which need costly disposal. Output 1.4: Contaminated sites * AZE: A contaminated site assessment including a drone map and the drilling of a series of sampling and monitoring wells was done at the Ujar former pesticide store. Based on the data, a Phase 2 Conceptual Site Model and a site management plan were developed by June 2024. In parallel, the project was contacted by the newly created Azerbaijan inter-ministerial "Commission for coordinating the activities of state bodies in the field of ensuring the safe operation of potentially dangerous objects" to provide methodological support and advice for the assessment and management of pesticide contaminated sites in the country. A targeted training was held 3-6 August 2024 for the Commission members at the contaminated Yevlakh site. It included training in line with the new guidelines for the management of POPs contaminated sites of the Stockholm Convention, particularly on the initial site assessment phase, interviews with local stakeholders, installation of boreholes and soil sampling. Further, a Manual on Contaminated Site Management was drafted summarising the main elements of the Stockholm Convention guidance. * KAZ: A training on management of POPs contaminated sites in line with the Stockholm Convention Guidance was provided 14-16 May 2025 at the Leninsk (Atameken) contaminated site, particularly on the initial site assessment phase, interviews with local stakeholders, installation of boreholes, soil sampling and development of a conceptual site model to plan further remediation measures. The training was attended by 13 women and 7 men participants. Based on a post-training questionnaire, participants expressed high satisfaction with the new theoretical knowledge on risk assessment and remediation planning and practical skills during field work, and noted that the knowledge gained would be applicable in their current work. The training also generated 21 publications in various media. * KAZ + KGZ: Lab and field trials on phyto- and bio-remediation of pesticide contaminated soils (both POPs and heavy metals) have been undertaken. Both trials showed encouraging levels of POPs reduction. In Kazakhstan, the use of degrader microorganisms and phytoremediation plants achieved an effect of 85–90 % reduction and up to 98–99 % for some compounds. The tree crop Paulownia elongata achieved removal up to 90 % and up to 99 % for some compounds. These data were confirmed by similar data from the Kyrgzy trials. Results and recommendations on the best use of bio-/phyto-remediation have been developed by both projects and are currently now developed into a FAO resource document. * TJK: Work was done to upgrade Vakhsh landfill to become a recipient site for excavated obsolete pesticides from mini-landfills being remediated. A topographical map for site management and planning was developed. A store annex able to host about 1 000 MT of obsolete pesticides and other materials was built in early 2023 (inaugurated on 8 April 2023). For the remediation of the DDT-containing mini-landfill at Village #1, two tenders were published: one for the excavation and transport of the contaminated materials at the mini-landfill, and one for the construction of six soil cells at Vakhsh for storing the excavated materials. Both tenders were evaluated and the SPs contracted in late 2024. All remediation work was undertaken in the course of 2025. In total, 33.5 MT of obsolete pesticides (mainly DDT) and 5 124 MT of contaminated soil were excavated and are now stored at Vakhsh landfill in the store annex and the soil cells. To ensure that Vakhsh Landfill staff clearly understands how to hold regular monitoring and safety checks of the integrity of the soil cells, an “Instruction for Monitoring of Constructed Soil Cells at Vakhsh Landfill” was prepared in both Tajik and English. This instruction manual was introduced to the landfill staff during a dedicated session. * TJK: In a separate activity, a drone map of the Bagara mini-landfill was made, which forms the base for any future remediation planning. The digital map was provided to CEP. * Regional: On 16 April 2024, an International Conference on “Bio- And Phyto-Remediation Technologies for Contaminated Agricultural Soil towards Green Agriculture” was held in Almaty, bringing together 61 experts (including 28 women) from different countries to discuss international best practices in management of contaminated soils and to provide a platform to present recent studies and field works in the region aiming at rehabilitation and restoration of pesticides contaminated areas. One outcome of the conference was the proposal to establish a Central Asia Working Group on Contaminated Soil as part of FAO’s Global Soil Partnership. On 17 April 2024, conference participants could then visit the bio-/phyto-remediation trial site. A leaflet on remediation technologies was prepared in English and Russian. https://openknowledge.fao.org/items/2bc92de0-2aef-4a08-847c-63d1c04423a8. Output 1.5: Container management system (CMS) * Regional: CMS and Agricultural Plastic Waste (APW) baselines were assessed in all five project countries and reconciled in a regional report. Assessments of national pesticide management frameworks showed that CMS regulation is widely absent in all countries. * AZE: A national CMS workshop was conducted in May 2024. The workshop aimed to familiarise participants with the history and best practices of CMS, present the results of the baseline assessment on CMS and Agricultural Plastic Waste (APW) in Azerbaijan, and explore pathways to establish effective management of empty pesticide containers and APW. Representatives from relevant ministries and local companies participated. The workshop identified that empty pesticide container collection falls withing the scope of the new Extended Producer Responsibility (EPR) law. A ToT on triple rinsing of empty pesticide containers was held in March 2025. Also, several meetings with potential industrial solution providers and responsible government entities were held to discuss models for a CMS managing body. Based on that input, a roadmap for introducing a CMS in Azerbaijan was developed and submitted to AFSA for review and further action. Finally, an economic assessment was made for a potential integration of a CMS into Azerbaijan’s new EPR system; * KAZ: The national baseline assessment of empty pesticide containers and Agricultural Plastic Waste (APW) was presented to the Government and other stakeholders at a National Workshop on 28 November 2023. Discussions are ongoing how to best connect and build upon some already existing regional collection systems and how the government best stimulates a national system. Also, driving establishment of a national CMS in the frame of new EPR legislation is discussed. For this, a Road Map for the inclusion of empty pesticide containers under the EPR framework has been developed. The Road Map identifies the need for a regulatory impact analysis as a subsequent step to support the inclusion of pesticide containers in the EPR list. In parallel, a ToT on triple rinsing and container collection was held 27/28 May 2024. The ToT was followed by five additional trainings on triple rinsing and container collection in July 2024 across Kazakhstan. In addition, laboratory testing as requested by MOE of triple-rinsed containers was conducted to determine residual pesticide levels in order to provide evidence of the effectiveness of triple-rinsing (result: 16–642-fold reduction). * KGZ: A CMS pilot project was launched in Sokoluk district in 2025 by pesticide sales companies to quantify the volume of containers generated in the district annually, investigate potential disposal options within the country, and define options for collection schemes and delivery points. Initial results were discussed during a visit by the IC on CMS in April 2025. At that occasion, also 70 farmers were trained on triple rinsing of empty pesticide containers. A workshop was held on October 2025 to present the pilot results and discuss replication on a national level based on a draft CMS model developed on the pilot results. Recommendations to implement a CMS has been submitted to the Government for further action. * TJK: Emphasis is on developing legislation imposing an obligation to return/collect empty containers. CEP established a Working Group for the development of a CMS covering pesticide containers and agricultural plastic waste. The Working Group includes representatives from eight key ministries and agencies. A tender for the development of pesticides legislation, including a bylaw on CMS, has been published on UNGM. However, no bidder with relevant experience could be identified and the tender had to be canceled. Other ways of support were discussed with CEP, but it had to be concluded that not enough time remained until project closure to still implement work. *TUR: 50 collection containers for empty pesticide packaging were provided for the Silifke region. The inauguration meeting was held on 2 June 2023, a flyer (1 000 copies) explaining the risks related to improper disposal of empty pesticide packaging and how to use the collection containers was developed and distributed to farmers. Feedback from local extension service and farmers at end of season was very positive. In total, 1 300 kg of empty pesticide packaging was collected between 2023-2025 and disposed by co-processing in a cement kiln. This collection pilot also provided data on collection rates serving as input to a CMS working group developing a road map for the management of containers from collection to disposal. MoAF is launching a new system, “The Plant Protection Products Tracking System (BKUTS)”, which is built upon the already available QR code system. With this system, farmers will no longer be able to purchase pesticides without a prescription. The pilot phase of this system began in early 2025 and is expected to be launched for national operation within 2026. Once this new system is properly implemented, a nation-wide CMS will be put into effect through this system. | H9: 0.7 | I9: Satisfactory (S)
C10: c) % of populations engaging in high risk behaviours that expose them to sources of obsolete pesticides | D10: Communication strategies in KGZ have identified exposure routes from stockpile sites in communities through children’s behaviours and illegal excavation of products. Similar and other exposure routes have not been formally documented or quantified in any country | E10: Year 1: KAP survey to describe behaviours and set baseline % of respondents Year 2-3: Communication activities designed and implemented in 3 countries | F10: Year 4: KAP survey indicates declines of 30-50 % in high risk behaviours compared to 1st KAP | G10: Output 1.6: Risk communication * KAZ: The pesticide risk communication network “ToxicNet” was initially established in Kazakhstan in 2023 as a national initiative and subsequently expanded into a regional platform. At the national level, the network engaged 91 members (45 individuals and 46 organisations from government agencies, NGOs, academia and industry). During this phase, 18 bi-weekly newsletters were disseminated, five partner organisations implemented awareness campaigns, and information on obsolete pesticide risks was disseminated through a hotline, social media channels and outreach to 49 editorial offices. Two national trainings were conducted (November 2023 and April 2024), resulting in a total of 73 trained network members (female participation: 73 %), complemented by a national webinar with 50 participants enabling country-wide outreach. * Building on these achievements, ToxicNet was expanded in 2025 into a regional network covering Azerbaijan, Kazakhstan, Kyrgyzstan and Tajikistan. National coordinators were appointed in each country and a Network Charter was approved. By the end of 2025, the network comprised 151 members from government bodies, NGOs, research institutions, universities and independent experts. A regional communication strategy was developed and implemented, supported by an updated website (toxicnet.asia), active outreach via Instagram, Facebook and TikTok reaching over 5’000 people monthly, and the production of multilingual awareness materials (brochures and videos). Information materials in six languages were developed with the participation of over 120 representatives of competent authorities and practitioners. The network is a sustainable result of the project and will continue to operate after the project's completion as a regional mechanism for knowledge‑sharing and capacity development in the safe management of chemicals. * Capacity development and stakeholder engagement were further strengthened through four youth-focused interactive events across the region (female participation ranging from 42 % to 69 %), two regional roundtables (with additional roundtables planned), and a regional online training engaging over 100 specialists. The network continues to operate as a sustainable regional platform for knowledge exchange, awareness raising and cooperation on POPs and pesticide risk management. * TJK: Four awareness raising seminars on risks by obsolete pesticides were organised 8-11 November 2022. All four seminars together attracted about 140 participants from as various stakeholder groups as central, regional and local administrations and services, farmers, women’s organisations, NGOs, Aarhus centre, etc. A leaflet and a poster were specifically developed for the four seminars. The overall number of printed leaflets (A4) and posters (100*70cm) is 1 000 Tajik and 100 English copies, each. In addition, 200 A3 size posters (Tajik only) were printed. The materials can be accessed at: https://www.fao.org/documents/card/en/c/cc2765en (leaflets) https://www.fao.org/documents/card/en/c/CC2777EN (posters) * These seminars were repeated 10-24 November 2023 in three regions of Tajikistan and in Dushanbe. In total, more than 200 persons participated in the eight seminars including 80 women. * In parallel to the mini-landfill remediation work at Village #1 in 2025 (see 1.4 above), various information meetings were held with local communities to inform on the work and on pesticide hazards. * KAZ, KGZ, TJK: As part of the second phase of the pesticide exposure assessment in autumn 2024 (see output 2.2 and 2.3 below), posters (100 copies) and leaflets (1’000 copies) were prepared on safety measures and pesticide exposure hazards in each country and distributed during awareness raising meetings. | H10: 0.8 | I10: Satisfactory (S)
B11: Outcome 2: Regulatory and institutional framework for pesticide management strengthened in five countries | C11: a) National legislations comply with international standards in AZE, KGZ, and TJK | D11: Legal assessments conducted for AZE, KGZ and TJK have identified specific gaps in the existing laws, and recommend development of secondary legislatio | E11: Year 2: Draft revised and harmonized pesticide legislation in AZE, KGZ and TJK | F11: Year 3: Drafts consulted and approved by stakeholders for presentation to government for adoption | G11: Output 2.1: Legal assessments * Assessments of the legal frameworks on pesticide life-cycle management were undertaken in Azerbaijan, Kazakhstan, Kyrgyzstan, and Tajikistan. Synthesis report showing regional commonalities and shortcomings was developed. * AZE: The Azerbaijan legal assessment report was updated in spring 2023 to include recent legislative updates. Further support was provided by developing a NAP for Azerbaijan’s implementation of the Stockholm Convention, also with a view to new POPs to be added, and by supporting the economic justification for an EPR law, which is key for empty pesticide container management; * KGZ: The Kyrgyz legal assessment report was presented on 20 April 2023 in a workshop in Bishkek. With the support of the Department of Chemicalization, Plant Protection, and Quarantine of the Ministry of Agriculture of the Kyrgyz Republic, a draft road map for pesticide life-cycle management was developed. The road map includes an overview of all existing gaps and issues identified throughout the pesticide life-cycle in Kyrgyzstan. For each gap and issue, the road map proposes short-, medium-, and long-term solutions. An update of this prior legal assessment was then undertaken in March – May 2025. Further, national and international consultants were working on draft regulation on pesticides registration and management to support the introduction of the electronic pesticide registration system (see also output 2.2+2.3 below). * KAZ: The Kazakhstan legal assessment was updated to include relevant legislation changes which occurred in June 2023. Legal work was initiated on drafting legal documents in relation to the safe disposal of pesticides. It identified the need to strengthen requirements for registration, labelling, data, as well as for safe rinsing, puncturing and collection of empty containers. A round table “Legislation of the Republic of Kazakhstan on Pesticide Management: Current Status and Recommendations for Improvement” was held in Astana on 24 October 2024 (women – 64 %, men – 36 %). Also, work was undertaken to develop laboratory standards for pesticides analysis (see also 1.3 above) as well as various missing pieces of legislation needed for improved waste management. Inclusion of a CMS into the EPR system was developed, including a considerations of roles and responsibilities, financing, and collection pathways as well as a road map for introduction. Based on the results of the FAO assessment of the pesticide legal framework, several amendments to the registration rules were drafted on labeling, safety information and empty container management. E.g. a mandatory provision of including a safety data sheet (SDS) for each registered pesticide was established, and on pesticide labels a requirement for triple rinsing of containers and brief instructions on the handling of rinse water and used containers is to be included. These changes were included in legislation updates, which entered into force on 13 April 2026. * KAZ: Several pieces of legislation were drafted for the further consideration by the government. First, a draft national standard on co‑processing of hazardous waste in cement kilns was developed. This will allow the use of Alternative Fuels and Raw Materials in cement kilns, including obsolete pesticides. Upon request by the MoE, a further two legislation drafts were developed to address several unregulated areas related to hazardous and legacy waste. One regulation draft addresses “Operation of Landfills and Temporary Waste Storage Sites in Rural Settlements”, while the other deals with “ Historical Pollution Management”. (see also activity 1.2 above) * AZE: The National Profile needed for the ratification of the Rotterdam Convention was developed in 2Q/2023 and submitted to MENR for further use. MENR requested further project support in preparation of economic and financial justification for ratification of the Convention, which was provided. Azerbaijan ratified the Rotterdam Convention on 25 November 2025. * TJK: National Profile needed for the ratification of the Rotterdam Convention was developed in 3Q/2023. Based on this work and prior work by other donors, Tajikistan ratified the Rotterdam Convention on 1 October 2024. * Regional: A regional meeting was co-organized with the Rotterdam Secretariat. The meeting which was held 4-6 July 2023 in Baku aimed at accelerating ratification of the Rotterdam Convention by several countries of the EECCA region, including Azerbaijan and Tajikistan. | H11: 1 | I11: Satisfactory (S)
C12: b) Data requirements for pesticide registration are more comprehensive | D12: Registration of pesticides is possible in all countries without the full data requirements set out in the Code of Conduct and FAO/WHO specifications | E12: Year 1: Training provided and manuals and guidance translated and publishe | F12: Year 4: Labelling and packaging requirements; operator exposure data; pesticide specification data all required for dossiers | G12: Output 2.2: Registration procedures + Output 2.3: Field data on PPE use and spraying operations * A regional report on the gender, socio-economic and health dimensions of pesticide use and management in Central Asia and Türkiye was developed. The report includes data on current spraying practices in various agricultural sectors and countries and shows that in general women have less access to information on safe spraying practices and on PPE selection and use. * KAZ, KGZ, TJK: An exposure assessment study based on interviews with farmers in all three countries was undertaken. The results were presented at national workshops in November 2023. In line with global levels, about 30-40 % of pesticide users suffer from exposure. The study also shows how farmers deal with empty pesticide containers in absence of a collection system. The study data allow to develop trainings and activities targeting the most affected groups. * The exposure assessment study was repeated in a more targeted manner in late 2024. A larger number of interviews were held in the cropping systems and geographical areas which had been found in the initial study as being the highest risk areas (e.g. 750+ farmers surveyed in six regions in Kazakhstan, in Tajikistan 250 farmers in three regions). This was combined with awareness raising meetings on pesticide hazards with vulnerable groups from the same areas (see output 1.6 above), which has in Kazakhstan led to a visible drop in poisoning incidences. The study confirmed the high levels of pesticide exposure incidence found in the phase 1 study and provided more information helpful for designing future interventions like for Kazakhstan introducing a CMS to address unresolved problem of empty pesticide containers or strengthening the poisoning reporting system. * KAZ, KGZ, TJK: During the first phase exposure assessment study (see prior bullet), governments asked for a targeted training for medical staff (doctors and nurses) on pesticide poisoning, its diagnosis and treatment. Three national trainings were held in the period between 25 November – 5 December 2024. The trainings were attended by 53 medical staff (35 female, 18 male) in KAZ, 56 (30 female, 26 male) in TJK, and 29 (22 female, 7 male) in KGZ. In meetings with the MoHs in the three countries, the establishment of national poisoning centres was discussed. Participants in all three countries emphasised that the training contents was up-to-date and practical, and asked for the training to be repeated in more detail and for a longer period of time. The final report with more country data and the training materials are currently in formatting for publication. * KAZ: A 2023 report with results from assessments of the use of PPE and spraying systems revealed that many farmers lack sufficient knowledge on proper use of spraying devices, and often necessary components are not readily available. There is a significant knowledge gap in calculating the correct spray volume in function of specific crop ages, accurately calibrating equipment, and using label recommendations for chemical amounts, spray intervals, re-application intervals, and pre-harvest intervals. Many farmers also do not understand the dangers of pesticides to their own and their families' health, nor the importance of using appropriate PPE. * A training was held on PPE use and correct pesticide spraying on 30 March 2023 and two reports describing PPE use, pesticide use and application training in KAZ were developed. Six trainings on IPM, sprayer calibration and triple rinsing of pesticide containers were held in the period 27 May – 18 July 2024 (154 farmers, of which 75 women) (see also 1.5 above). * Regional: A focus activity in 2H/2023 was creating understanding on the importance of comprehensive life-cycle management (LCM) of pesticides to reduce pesticide exposure and use levels and developing for the four CA countries LCM road maps with short-, mid- and long-term priorities and targets. During a regional LCM workshop in Baku on 18-19 September 2023, country representatives were introduced to the approaches as promoted by the FAO/WHO International Code of Conduct (CoC) on Pesticide Management. In country working groups, participants then could define gaps compared to the CoC and obstacles to overcome. A first draft of national LCM road maps was developed based on workshop input and presented for further comments in national workshops in TJK (24 November 2023) and KAZ (28 November 2023). In Tajikistan, this resulted in the endorsement of the LCM road map based on the workshop inputs. In Kazakhstan, the proposals from the LCM road map served as a basis for the development of regulatory documents aimed at strengthening life-cycle management as well as for further government-led actions and their integration into national strategic planning documents. * TJK: In 2021, a report on the State of the Pesticide Registration System in the Republic of Tajikistan was developed. The report was submitted to the Committee for Environmental Protection. * A regional video covering the various elements of pesticide lifecycle management including obsolete pesticide management, pesticide risks, regional issue and FAO’s interventions to address them was prepared and it accessible at https://www.youtube.com/watch?v=0glGHvG_a7I. A filming mission was arranged in 2Q/2025 to take footage and interviews for a project end video, a regional IPM video and three thematic short videos on soil contamination, obsolete pesticide management and CMS. The project end video was released on 15 December 2025 and can be found at https://youtu.be/TQvshG7AeGI?si=kJavrnIJcdlVqG73 and is also available on the project website. The other videos were finalised and published in 2Q/2026. * KGZ: The development of an electronic registration and sellers licensing system was finalised. The development process contributed to a better understanding in the MoA how to improve the registration system. The current paper-based registration list was imported into the electronic database (about 1’500 products) and completed with missing information. The exercise was also used to discuss with MoA staff the principles of registration and toxicity testing. The new electronic system was also welcomed by pesticide suppliers as it makes import application and product registration far more efficient. The new system started to operate in 2026. * TJK: Work was supported to lay the foundations for an electronic pesticide registration system. Through a LoA, a national model for the state registration of agrochemicals and pesticides has been developed and described, covering a digital agrochemicals register, expert assessment of registration dossier, market authorisation, registration of sellers and importers, traceability of packaging throughout its life cycle, and the preparation of a methodological framework for identifying and regulating potentially hazardous chemicals. The model covers the entire pesticide life cycle: from dossiers and certificates through to sale, use, identification and tracking through a QR-code of packaging, return, rinsing and recovery/disposal. * Registration lists of all five project countries were reviewed against the eight FAO/WHO criteria defining HHPs. In each country, active ingredients qualifying as HHPs are still in use. In a follow-on step, the initial draft of a HHP Risk Reduction Plan was developed for Tajikistan and alternatives to two Active Ingredients (alpha cypermethrin used for controlling aphids in cotton, thiacloprid used against chewing insects on apples) were identified for all project countries. In Kazakhstan the project focused on regulatory and evidence-based risk reduction by reviewing national pesticide registration practices and supporting national authorities through the provision of scientific and regulatory assessments, including translated EFSA and European Commission decisions on selected active ingredients, to inform policy dialogue and future national strategies on HHP risk reduction (imidacloprid, iprodione, oxamyl, propargite, triasulfuron and acetochlor). * AZE/TUR: A study tour was organised in January 2023 for an Azerbaijani delegation to study the Turkish pesticide registration system and attached QR-code system to track pesticide containers from import/production to the end user. This was followed up by a second visit in September 2023 to further discuss cooperation and activities to be undertaken. 2024 has seen a regular exchange between the two countries. In December 2024, two FAO ICs visited Azerbaijan to discuss with various ministries the current Azerbaijani registration system and define gaps and develop a roadmap for further developing the current system. This was followed by an online training improving skills in pesticide registration, traceability, dossier evaluation, and market control on 4-7 February 2025 (total 50 participants; 30 women and 20 men). Based on the trainings, a report with recommendations on further development of the Azerbaijani pesticide LCM system was developed and submitted to the Azerbaijani authorities. * TUR: Procurement of a post-sales inspection system for pesticide spraying equipment was held. The system was delivered to three pilot areas in 4Q/2025 and local trainings provided. The management software was translated into Turkish and adapted to include the spraying equipments used in Türkiye. Based on the experience with the pilot systems, MoAF foresees replication across all agricultural regions as part of its state programme. * TUR: To improve pesticide spraying practices and reduce the overall volume of pesticides used, a training was held with six topical modules: Selection of Appropriate Spraying Machines and Tools; Good Practices Before and After Spraying; Usage of Agricultural Tools and Machines; Maintenance and Calibration of Spraying Machines and Tools; Risks and Related Safety Measures; and Selection, Use and Disposal of PPE. Following an initial ToT on 22-23 September 2025, the training has been completed by experts from in 30 provinces and will be extended in 2026 to all 81 provinces as part of the state programme. Based on participant feedback, it was decided to extend the training from 2 to 3 days to allow more time for practical training with machinery in the field. * Twelve handbooks and guidelines related to agricultural practices relying on less amounts and less dangerous pesticides were prepared; with some developed originally by the project and some translated into Turkish, Russian, and/or Azerbaijani (for accessing the materials, visit the project website https://www.fao.org/in-action/pesticides-central-asia/resources/publications/en). | H12: 1 | I12: Satisfactory (S)
B13: Outcome 3: Farmers will use IPM alternatives to Highly Hazardous Pesticides (HHP), and reduce pesticide application frequencie | C13: a) Reduction in pesticide application frequency in four countries | D13: Conventional pesticide applications do not consider pest pressures Alternatives are not widely known so the only option considered is often pesticides | E13: Year 1: Data collected on conventional pesticide application rates Year 2 - 3: Monitoring of pesticide use in target sites in all countries | F13: Year 4: 20 % reduction in pesticide application compared to conventional approach; reported to policy makers | G13: Output 3.2: IPM trials AZE: * An IPM baseline assessment was undertaken, IPM practices introduced in 2022 in vegetable growing, technical guidelines developed. Harvest yield were evaluated in trial fields and showed to be highest in IPM fields. * Work showed that basic concepts of IPM need to be strengthened. Hence, a national IPM workshop was held in February 2024 to define gaps, followed by the development of a Capacity Enhancement Plan for relevant stakeholders and of an IPM NAP. In parallel, IPM trials 2024 and 2025 were held on three fields for sunflower, tomato and apple in the Ganja and Samukh regions. Trainings for local facilitators on the implementation of Integrated Pest Management (IPM) activities were held in June 2024 in Azerbaijan. The sessions took place at different locations: at the Sunflower IPM demo plot in Samukh rayon (11 June 2024), at the Tomato/Cucumber IPM demo plot of the Agrarian State University in Ganja (14 June 2024), and at the Apple IPM demo plot of the Agrarian State University in Ganja (18 June 2024). A final report was developed summarising the results and conclusions of the two-season trial. In parallel to the IPM trials a series of trainings in 6 rayons with 1’500 farmers, including 30 % women and youth, about proper pesticide application and triple rinsing of pesticide containers was implemented. * At the request of the Agrarian Service Agency (MoA), to enlarge the toolbox of available IPM methods, an assessment of the biological laboratory for research and production of biological control agents in Baku was undertaken in February 2024. The current human capacity and infrastructure to produce two new biological agents (Bracon Hebetor, Chrysopa carnea) was evaluated. In a next step, a partnership with a similar laboratory in Kazakhstan (the former Soviet Centre of Excellence with 65 years of experience in biological plant control and also SP for the KAZ IPM trials) was established. An exchange visit and training session took place 10-11 February 2025 (total 14 participants; 5 women; 9 men) to share skills necessary for the establishment of mobile laboratories for the diagnosis and identification of harmful organisms in agricultural fields, develop capacity for the production and application of biological plant protection agents, to promote IPM techniques, and to foster cross-border cooperation for pest management, especially for invasive species. Additionally, a list of equipment upgrades for a bio-lab was developed and tendered. The equipment is delivered in summer 2026. *To promote an understanding among the younger generation on the risks of pesticide use and available alternatives, Organic School Garden work was implemented at four schools in summer 2023. In addition, an extra school curriculum programme on organic school garden was developed and incorporated into the formal education programme. * To promote sustainable agricultural practices and reduce reliance on chemical pesticides, a National Action Plan for alternatives to pesticides and for development of sustainable agriculture was developed and submitted to ASA’s respective Department. Following the completion of the NAP, ASA requested further technical support to develop a complementary national IPM Programme, which was provided. KAZ: * IPM field trials started in 2023 in Almaty oblast in cabbage, tomato and apple and were extended into a second season in 2024. Trials included the use of different biological and chemical protection tools like Malesa traps for insect monitoring, light traps, hanging of pheromone traps and rods, and implementation of a weather station for disease forecast. Results showed a reduction of pesticide use up to70 % in apple. Proper preparation and planting of seedlings including the use of bio-stimulants in the soil reduces pesticide use by 25 % in tomato and 40 % in cabbage. Also a yield increase was seen, with +95 % for cabbage and + 70 % for tomato. This approach, combined with the selective use of low-toxicity chemical pesticides only when necessary and the incorporation of biological control methods, underscores a shift towards more sustainable pest management practices. Furthermore, optimizing conditions for plant growth through careful planning of planting and fertilization also contributes to better pest/disease control. * Various trainings on IPM and better spraying practices were organised for farmers and students associated to the IPM trials: -- Field Days for the "Demonstration of IPM in apple, tomato and cabbage trials" were conducted on 5-6 September 2023 in Almaty oblast, Enbekshikazakh region, with 25 participants attending (9 women, 16 men). Three related IPM guides on apple, tomato and cabbage with practical field recommendations were developed. -- A “Discussion of pesticide life cycle management” took place in the frame of a national workshop in Astana on 28 November 2023. The audience was predominantly male, with many being managers of their organisations. In total, 33 participants attended (14 women, 19 men). -- An "Online Meeting to Discuss Pesticide Container Disposal and Safe Alternatives to Highly Hazardous Pesticides" was conducted on 26 January 2024, with 175 people participating in total (52 women, 123 men). -- An IPM Field Day was held in the frame of the Regional Project Steering Committee on 17 April 2024 with participation of international participants from Azerbaijan, Kyrgyzstan, Tajikistan, Türkiye. In total, 52 participants attended (25 women, 27 men). -- A Training for Farmers on the reduction of pesticide use and related risks as well as on triple rinsing of empty pesticide containers was conducted on 27-28 May 2024 in Almaty (50 % women participation). Also, a session to discuss gender aspects was included. Five more similar trainings were held 1-19 July 2024 in various villages across Kazakhstan. Total 154 participants (75 women, 79 men). The participants could see that triple rinsing significantly reduces the level of residual contamination in containers. Laboratory studies analysing triple rinsed plastic from the trainings showed that consecutive triple rinsing indeed removes the majority of pesticide residues, after which containers can be safely punctured and transferred to collection systems, reducing risks to human health and the environment. -- To scale up farmer level knowledge on IPM, two IPM trainings were held in April and June 2025 in Baiseit village (45 men, 2 women). The trainings aimed at 1) Improving pesticide selection and application, ensuring that farmers can distinguish between pesticides that align with IPM principles and those that disrupt ecological balance or pose environmental risks, 2) Enhancing weather-based decision-making by building farmers' ability to assess weather conditions and their impact on pest and disease management, 3) Developing effective monitoring and sampling techniques by showing farmers on how to use pheromone traps and other methods to accurately assess pest and disease pressure in real time, 4) Understanding economic damage thresholds, thus promoting smarter pest control decisions based on economic damage assessments and reducing unnecessary pesticide use while improving worker safety and cost efficiency, and 5) Strengthening farmer networks and communication, encouraging information sharing and collaboration through farmer groups, including digital platforms such as WhatsApp, to exchange knowledge and best practices. * A National Action Plan for promotion of alternatives to HHPs was developed in 2023 and cleared in 2024. A national validation workshop was held 30/31 January 2025, combined with a visit to the 2023-2024 IPM trial fields in Baiseit village. KGZ: * IPM trials were undertaken in the period 2020-2022 (three seasons) in five key crops (corn, potato, sugar beet, wheat, kidney beans) on an area of 1.5 ha in the village of Studencheskoye (Sokuluk district) near Bishkek. The trials compared Organic agriculture, Integrated pest management, and Traditional agriculture. 78 students from the Kyrgyz National Agrarian University (KNAU) participated in the field trials and learned IPM work on-the-job. The economic analysis of the comparison trials showed that traditional practices and IPM generated very comparable yields and profits, but IPM with less negative impacts due to reduced pesticide use. Together with the field trials, KNAU also developed an IPM training curriculum for five crops (in Kyrgyz). * Fertiliser trials showed a differentiated picture: Largest yield of beans and corn was obtained with one and a half norm of potassium and the use of 150 mg of organic fertilizer. For potatoes, highest yield was received with a double norm of potassium together with 200 mg of organic fertilizer. * A national concept on promotion of rational use and reduction of pesticides and mineral fertilizers as well as promotion of alternatives to pesticides was drafted (National IPM Action Plan). The document resulted from a series of five working group meetings followed by two public round-tables. The feedback received was integrated into the final draft of the National IPM Action Plan. The plan was submitted in 2022 to the government for comment and consideration. * To scale up IPM use nationally and thus contribute to pesticide use reduction, the approaches developed during the prior IPM trials with the Kyrgyz National Agrarian University were replicated with private companies. Using the results from the 2020-2022 trials in Sokuluk district (see above), IPM approaches were promoted in 2025 among 3 private companies growing tomato (60 ha), apple (6 ha) and corn (10 ha). Results of IPM tests confirmed economic and agro-ecological feasibility of implementing IPM. Despite the increase of some cost positions (e.g. monitoring, manual labour, bio-preparations), the overall economic result is positive. Switching to IPM is especially beneficial in the context of intensified production and stable demand for environmentally friendly products. This activity was supported by university students, who had opportunity to participate on farm internships and visits. * As a further element to improve agricultural practices and reduce pesticide use, a LoA was concluded in 2023 to strengthen knowledge and capacities of agronomists on 1) reducing pesticides use by proper application as well as on 2) pest surveillance to enhance evidence-based decision-making processes on plant protection based on Integrated Pest Management. The trainings covered Control measures for pests, diseases and weeds; Integrated plant protection; Preparation, application and storage of pesticides; Monitoring of pests, diseases and weeds; External plant quarantine; and Internal Plant Quarantine. A total of 32 days of trainings were provided from May-November 2023 to 560 agricultural experts in seven Oblasts. * The trainings continued in the first half of 2025 with specialists from district departments of agricultural development and local government bodies as well as 107 regional employees of DCPPQ. The trainees were formed into 45 groups across the country (8-10 agronomists in each group, a total of 400 agronomists), which were then trained during the entire growing season from March 2025 to July 2025 on advanced agricultural practices on pest and disease monitoring, spraying, integrated pest management, and improved pesticide management (storage and disposal). TJK: * A potato seed bank based on IPM principles was developed in Tajikistan in 2020-2021. Average potato yield per hectare is 25 % higher in IPM fields and selected potatoes are more resistant to potato late blight disease. In 2022, from the potato seeds bank established in 2021, 100 tonnes of potato seeds “Red Scarlet” (R-2) could be distributed for planting in season 2022. * IPM trials in tomato, potato and apricot were undertaken in agricultural seasons 2023 and 2024. Across both demonstration sites, the introduction of the IPM packages reduced pesticide use, improved pest suppression, boosted yields, and substantially increased farmers' net income, demonstrating clear agronomic, environmental, and economic benefits. The evaluation of field data in 2025 showed that the IPM package for potato significantly reduced Colorado potato beetle (CPB) infestation, with lower damage levels (15–20 % in IPM varieties) compared to 30–55 % in farmers’ conventional fields. IPM varieties Red Scarlet (25 t/ha) and Tajikistan (23.75 t/ha) outyielded the farmer variety Picasso (21.25 t/ha). The IPM approach reduced pesticide applications from 6 spraying rounds to only 2, while maintaining effective pest suppression. As a result, profitability increased substantially, reaching 69.6 % (Red Scarlet) and 61.1 % (Tajikistan) compared with 40.1 % under farmer conventional practice. The tomato IPM package effectively reduced infestation from major pests, especially Helicoverpa armigera and Tuta absoluta, which caused up to 50–75 % leaf and fruit damage in farmer practice fields. In the IPM plots, resistant hybrids and biological control kept pest pressure lower, requiring only 2 insecticide applications, compared with 11 total spraying rounds used by farmers. Tomato yields were markedly higher in IPM plots: Zamira F1 produced 145.8 t/ha and Wolverine F1 137.5 t/ha, compared to 129.2 t/ha in farmer practice. Profitability under IPM increased dramatically to 199.7 % (Zamira F1) and 184.4% (Wolverine F1) compared to 81.6% in farmer plots. * Tajikistan developed and approved its Integrated Pest Management Programme (IPMP) 2025–2030, supported by a detailed multi‑year national action plan. A formal Working Group was established on 9 August 2024, and the draft IPMP was reviewed through a multi‑stakeholder roundtable on 20 November 2024, before being officially endorsed by SEPPAC on 21 November 2024. The LoA also delivered a fully structured Detailed Activity Plan (DAP) outlining institutional, technical, research, monitoring, and farmer‑support measures required for national IPM implementation, which is now formally endorsed and ready for rollout. * Two illustrated manuals (brochures) on “Tomato pests in Tajikistan and methods of their control” and “Potato pests in Tajikistan and methods of their control” were developed in Tajik for distribution to key project beneficiaries (2 x 500=1000 copies). * Trainings were conducted in 2023-2024 in Khatlon, Sughd and Rasht regions on “Integrated Pest Management (IPM) against apricot pests and diseases” (94 participants), “Integrated Pest Management (IPM) against potato pests and diseases” (187 participants), and “Integrated Pest Management (IPM) against tomato pests and diseases” (207 participants). * Eight Farmer Field Days were held in 2023-2024 on “Integrated Pest Management (IPM) against apricot, tomato and potato pests and diseases” (total 346 participants). * Two trial plots for IPM in tomato and potato were established in 2023 and 2024. TUR: * Five seasons of IPM trials on codling moth control were undertaken in apple orchards (2020-2024), complemented in 2022-2024 by a holistic approach balancing control of the five most important apple pests and diseases with minimum pesticide use. By 2024, many local farmers had adopted the technique themselves and were covering costs themselves. On average, pesticide use against codling moth could be reduced by 70 %, in the orchards of two champion farmers no codling moth adults could be detected, despite that the two farmers were not using any control methods besides pheromone dispensers. Economic analysis showed that the costs for the IPM and conventional approach are comparable, however, less labour is involved in the IPM approach; products can be obtained with no residue risks; and pheromone dispensers do not build a harmful legacy for the future by damaging the environment or building up pesticide resistance. The final report summarising the results from the coddling moth trials 2020-2024 and the comprehensive control of five apple pests has been developed. * Work in more detail is described in the following: -- In the first year, trials were conducted in the Isparta Fruit Research Institute’s orchards to compare IPM, conventional and organic productions based on residue analysis and damage inspections. A five-day online training of trainers was held for 110 extension specialists to discuss IPM methods for controlling the main plant pests and diseases in Ankara. A ‘Manual for Trainers on Integrated Pest Management in Apple Production’ was developed and 35 extension specialists were trained on IPM. 8 leaflets were prepared and printed on different subjects like IPM basics, IPM in codling moth, IPM in apple scab and organic production, empty container management and so on. 200 fruit producers participated in an outdoor training/visit programme and two large meetings were conducted to inform 66 local producers about the results of the trials. -- In the second year (2021), the trials were expanded to 70 ha of apple orchards tended by 30 beneficiary farmers in Isparta, They were supported by season-long trainings. Another 80 local producers were informed on IPM in apple production. In June 2021, a training of trainers on increasing marketability of low-input apple product was held in Isparta for 40 representatives of local stakeholders. -- The third season (2022) involved 46 new beneficiary apple producers with almost 90 ha of apple orchards. 90 000 pheromone dispensers were distributed. In addition, 300 delta-type pheromone traps were distributed for monitoring codling moth populations. Continuous trainings on IPM and regular monitoring visits to the orchards were implemented. 120 local producers were trained during field days on IPM and results and experience were shared to further promote IPM. Besides this, a second training of trainers and a farmers’ training on how to enhance marketability for low-input apple production were conducted in order to increase competitiveness. The 2022 data confirmed the prior year results that with the use of pheromone traps the use of pesticides could be reduced on average by more than 70 %, with some farmers not applying pesticides at all. -- Trainings were continued in 2023, this time involving also apple producers from a wider neighbouring region. Field visits were organised throughout the 2023 apple producing season for at least 60 farmers, apple producers, extension service providers and media from other regions where apple production is intensive, namely Denizli (Çivril), Konya (Karaman) and Antalya (Elmalı) provinces. The visits were to introduce and promote the results of IPM apple production and related environmental and economic benefits. In addition, field visits were organised for local 20 beneficiary farmers. A new leaflet on Apple Scab Disease Control was prepared and printed (500 copies) for the meetings. In total over the years, more than 500 growers had been trained. -- A meeting with beneficiary farmers on 14 June 2023 showed that they are actively up-taking the IPM practices and paying for the pheromone dispensers themselves, not the least because they are aware of the health risks related to pesticide use; but also because pheromone dispensers can be hung by women farmers, unlike pesticide spraying, which is done mainly by men, and pheromone dispensers work efficiently also in high trees, where it is difficult to apply pesticides. -- Trials with pheromone dispensers were continued in 2024, albeit on a reduced level as many local farmers had adopted the technique themselves by now. 60 farmers from Gelendost, Senirkent, and Uluborlu and 30 local farmers from Eğirdir region passed training. Studies in the orchards of two champion farmers did not show any codling moth adults, despite that the two farmers were not using any control methods besides pheromone dispensers. * Evaluation of the pheromone dispensers showed that pesticide use against codling moth could be reduced on average by 70 % (with some farmers using no pesticides at all). Economic analysis shows that costs for the IPM and conventional approach are comparable; less labour is involved in the IPM approach; products can be obtained with no residue risks; and pheromone dispensers do not build a harmful legacy for the future by damaging the environment or building up pesticide resistance. * The evaluation of the 2020-2022 data showed that the reduced use of pesticides for codling moth control, however, led to an increase of other apple pests. In response, the SP developed and tested in 2023 a holistic approach balancing control of the five most important apple pests and diseases with minimum pesticide use and other control measures. The tests included further application of 1’200 pheromone sticks to disrupt mating of codling moth as well as the use of biological control agents (Chilocorus bipustulatus and Phytoseiulus persimilis) to control San Jose Scale (Quadraspidiotus perniciosus) and two-spotted spider mite (Tetranychus urticae) and European red mite (Panonychus ulmi, added in 2024). Chilocorus bipustulatus was reared in the SP facilities and released into apple orchards. Phytoseiulus persimilis (750,000 insects) were purchased from a commercial company. For apple scab, disease rates were determined by observing the symptoms resulting from the first infections in this period, and necessary control practices using a 2,000 l-atomiser were implemented taking into account the meteorological conditions and the phenology of the trees. * Due to the very dry weather in 2023, apple scab infections remained at a low level. Nevertheless, initial results showed that the use of alternative control methods could reduce pesticide use by 22-40 % compared to regional conventional production. * Apple scab trials in 2024 included three plots with different alternative control methods, one plot with conventional fungicide application, and two control plots. Trial results will become available in spring 2025. To control T. urticae and P. ulmi, after passing control thresholds in August 2024 Amblyseius californicus was released. One week after release of these predatory mites, no pest individuals were found anymore. Beneficial insects to control both Two-spotted spider mite (Tetranychus urticae) and European red mite (Panonychus urticae) released at the same time. No need to use pesticides at all. * Trainings were held in 2021 and 2022 for direct marketing of low-input agricultural products to generate additional benefits for farmers for using healthy production practices. * In order to share and raise awareness among producers on the results and to promote IPM in the region, closing events were organized in 2021, 2022 and 2023. Representatives from different stakeholder groups such as apple producers, Isparta Provincial Directorate, Egirdir District Directorate, and the Fruit Research Institute of the Ministry of Agriculture and Forestry actively participated in the events. A video showing the work with pheromone dispensers in the Isparta apple orchards was developed in 2021 (https://youtu.be/HbfSq6OZ7UA). In addition, during the third Project Steering Committee meeting, project countries representatives visited the IPM trials for knowledge exchange (https://youtube.com/shorts/5S4Y0AcVe-c?si=Dk6sZDRfESUSpBCb). | H13: 1 | I13: Satisfactory (S)
C14: b) Pest and disease prevalence data used to inform extension service advice | D14: Pest and disease monitoring is not a standard practice to guide decisions and advice for treatments The availability of advice to farmers is rather low imost countries | E14: Year 2: National training of at least 10 extension agents per country | F14: Year 3 - 4: pest monitoring data entered in forecasting models and extension advice provided to farmer | G14: Output 3.1: Pest and disease monitoring * AZE, KGZ, TJK: Baseline assessments of existing pest surveillance systems undertaken. All countries show a need to strengthen pest surveillance. * A Technical webinar on Pest Surveillance for Sustainable Agriculture was held on 25 February 2021 (116 participants). * A study of the impact of climate change on 20 crop pests in the countries of the FAO REU region was published in 2021: https://www.fao.org/documents/card/en/c/cb5954en. The report provides important input to understand how agricultural systems must be adapted to climate change without resorting to increased pesticide use. * TJK: In December 2025, a three-day training was held on management of dryland beetles (Rhizotrogus fortis Reitter) in pastures and rain-fed arable lands. It included 21 plant protection specialists from the State Entity for Plant Protection and Agricultural Chemicals (SEPPAC) and provided the essential skills for effective pest monitoring and management. Through the intensive programme, participants gained theoretical and practical knowledge in survey design, accurate pest identification, and the use of advanced digital tools for data collection and mapping. This initiative strengthens Tajikistan’s ability to manage agricultural threats with precision, thereby supporting more resilient food systems and protecting rural livelihoods. In a related activity, tablets and computers were provided to move the Tajik pest monitoring system from a paper-based to an electronic system. | H14: 1 | I14: Satisfactory (S)
C15: c) Farmers applying IPM methods and familiar with alternative pest control methods | D15: TCP project data on farmer practices in preparation The use of IPM as an alternative to conventional pesticide spraying by farmers is limited or not practised in all countries | E15: Year 1 – 2: Continuation of existing TCP FFS and monitoring of trained and untrained farmers | F15: Year 3-4: At least 50 % of trained farmers apply IPM in their own fields | G15: Output 3.3: IPM promotion * A synthesis of the data of the various IPM trials was developed by April 2026. * Guidance for producers to reduce pesticide use for annual and perineal crops was developed, which includes suggestions on farm management, agroecological practices as well as suggestions on specific requirements for each crop and for disease and pest management. The Guidebook has been prepared in both Turkish and English and is about to be published. * A meeting with beneficiary farmers in Türkiye on 14 June 2023 showed that they are actively up-taking the IPM practices and paying for the pheromone dispensers themselves, not the least because they are aware of the health risks related to pesticide use; but also because pheromone dispensers can be hung by female farmers, unlike pesticide spraying, which is done mainly by men; and pheromone dispensers work efficiently also in high trees, where it is difficult to apply pesticides. A video on this meeting was prepared and is available in YouTube https://youtube.com/shorts/5S4Y0AcVe-c?si=Dk6sZDRfESUSpBCb. In 2023, all 46 farmers participating in the 2022 trials continued to use pheromone traps, and they estimated that another 100-150 fellow farmers had switched to the new practices after seeing the trial results of the last years. * A report on the “Status of pest resistance to pesticides and its management with IPM strategies in Apple orchards in Türkiye” was drafted. * The article"The Effect of Mating Disruption Pheromone Dispensers on the Control of the Codling Moth [Cydia pomonella L.] (Lep.: Tortricidae) in Lake District Apple Orchards" was published in Fruit Science Journal in 2023 to discuss the first two years results within the IPM implementations in Türkiye. The article can be accessed here. * A regional IPM workshop was organised in Budapest 21-22 May 2025. Project outcomes from IPM trials in all five countries were presented and discussed. The team emphasized region-specific achievements and shared technical insights on improved pest surveillance, farmer engagement, and lessons from IPM implementation in the five project countries between 2020–2025. Experiences from national programs were shared, including roll-out strategies, institutional uptake of IPM practices, reports on latest development and technologies to reduce pesticide use and spraying losses, and integration of local knowledge into IPM protocols. The interaction between participants strengthened technical dialogue and identified priority areas for sustained capacity-building. A field trip to a demonstration site outside Budapest allowed participants to observe practical IPM methods in use, including trap cropping, beneficial insect release, and low-impact pesticide trials. Participants were involved in engaged and detailed discussions with the farmer and his staff. Follow-up discussions were facilitated linking field observations with national implementation challenges and best practices. Several countries expressed interest in adapting similar demonstration activities at the local level post-project. | H15: 1 | I15: Satisfactory (S)
B16: Outcome 4: Project results are shared between project countries and outside stakeholders | C16: a) Number of project monitoring reports as per requirements b) High level commitment from countries to life cycle management | D16: None, Technical officers promote life cycle management but face weak involvement and support from decision makers | E16: Year 1: 1 PIR, 2 progress Year 2: 2 PIR, 4 progress, 1 MTR | F16: Year 3: 3 PIR, 6 progress, 1 MTR Year 4: 3 PIR, 7 progress, 1 final report, 1 MTR, 1 Evaluation Year 3: High level representatives of all countries attend PSC meetings Year 4: 5 roadmaps for life cycle management published | G16: Output 4.1: Project monitoring * Seven PIRs and eight PPRs submitted. * Finance and activity tracking tools in place. * Project internal M&E system developed and in place. * Mid-term evaluation finalised, related management response submitted (1H/2022). * Terminal evaluation started in summer 2025. Evaluation team visited selected sites in all five countries, held interviews and reviewed project publications and other materials. The Terminal Evaluation Report will be published in summer 2026. Output 4.2: Lessons learnt shared * Six PSCMs and one country briefing held. Trainings on safeguarding and the gender dimension of pesticide use were provided in the frame of the 2nd PSCM. During the 3rd PSCM, participants were introduced to the Turkish pesticide registration system and the related QR-code system to track pesticide containers. An overview was given on Türkiye’s IPM work and the project’s IPM trial orchards could be visited, including testimonials from beneficiary farmers. Also, two facilities producing beneficiary pests were visited. The 4th PSCM provided an opportunity to organise conferences on digitalisation in agriculture and its benefits for reducing pesticide use; on remediation methods for pesticide contaminated soils (bio-/phyto-remediation and other nature-based solutions); and to hold a national workshop on Management and Disposal of Obsolete Pesticides in Kazakhstan. A virtual 5th PSCM was held 12 December 2024. The meeting presented, discussed and endorsed the final work plan and budget until project end. Implementation progress was then presented to the countries at a virtual briefing on 10 July 2025. The meeting also endorsed a final operational extension of the project until April 2026, in order to allow enough time for the Terminal Evaluation. The final PSCM was held on 19 December 2025 in Istanbul and provided a summary of all project achievements and results. The project exit strategy was discussed. The prior day, a workshop was held on health and environmental impacts of pesticides and the importance of trainings for medical staff on pesticide poisoning diagnosis and treatment and of establishing national Poison Centres. * FAO work on IPM and results of the apple orchards IPM field trials were presented 17-20 November 2022 at the 6th Biocidal conference in Antalya, Türkiye. * In the frame of World Soil Day on 6 December 2022, a webinar on HHP and contaminated soil management brought together 59 participants from 4 continents. The World Soil Day on 19 December 2024 provided an opportunity to inform on key project results on national obsolete pesticides inventory, soil remediation tests, IPM trials, and pesticide exposure assessment (PAN UK). * In the frame of the 14th HCH1 & Pesticide Forum, a special session was organised on 22 February 2023 dedicated to the special challenges in the Central Asia region on contaminated soil and on solutions promoted by the project to introduce better life-cycle management. The Forum was also a good venue to exchange and receive latest information on best options to safely manage various types of hazardous agricultural wastes. * In the frame of 16th Joint FAO/WHO Meeting on Pesticide Management (JMPM) on 6 November 2023, a presentation was delivered to explain pesticide management activities carried out by FAO REU including in the frame of this project. Information was submitted regarding the progress of FAO pesticide management since the 16th JMPM in October 2024 to be shared at the 17th JMPM. * Project website operating since September 2021. Besides project materials and information, various news pieces as well as project publications are available (see project website, https://www.fao.org/in-action/pesticides-central-asia/news/news/en). * Ten FAO guidelines and publications were translated into various project languages; leaflets on pesticide life-cycle management, risks by obsolete pesticides in Tajikistan, and on collection of empty pesticide packaging in the frame of a pilot project in Silifke (Türkiye) published; report on climate change impacts on crop pests published; books for children on pesticide risks and alternatives to pesticides published (in English, Turkish, Azerbaijani); the FAO Activity Book on plant health was translated into Azerbaijani and Turkish; two information videos about IPM practices in Türkiye developed and published on YouTube; one video about Jangi safeguarding in Azerbaijan is online in YouTube; a regional video covering the various elements of pesticide lifecycle management including obsolete pesticide management, pesticide risks, regional issue and FAO’s interventions to address them is in development; four webinars held. (see project website.) * Various technical reports developed: regional risk reduction and disposal strategy for obsolete stocks; four legal baseline assessments; five national assessments of CMS and APW baseline; regional strategy for container management; assessment of disposal options for Azerbaijan and Kazakhstan;DE/DRE calculation of Azerbaijan performance test; gender, socio-economic and health dimensions of pesticide use and management; regional study on impact of climate change on pest; three assessments of national pest surveillance systems; draft regional IPM strategy; IPM National Actions Plans for AZE, KAZ, KGZ and TJK; farmers level pesticide exposure assessment; training materials on pesticide poisoning diagnosis and treatment; HHP assessment in all five countries; identification of alternatives to the use of alpha-cypermethrin and thiacloprid (both HHPs); Azerbaijan and Tajikistan National Profiles for the Rotterdam Convention, Stockholm NAP for Azerbaijan as well as economic justification for the planned EPR legislation. * A project leaflet (in English, Russian and Kazakh) and Yearbooks 2021, 2022, 2023 as well as the Project Final Publication describing progress under the project in each country were published. The Yearbooks target national stakeholders and a wider audience. Various news pieces published (see project website, https://www.fao.org/in-action/pesticides-central-asia/news/news/en). A regional video covering the various elements of pesticide lifecycle management including obsolete pesticide management, pesticide risks, regional issue and FAO’s interventions to address them was published on YouTube Shorts in mid-February 2025 (Pesticide Management in Central Asia: https://youtu.be/0glGHvG_a7I). This video was also mentioned and linked in the GEF Newsletter dating 31 May 2025. A project end video was published on 15 December 2025 ( https://youtu.be/TQvshG7AeGI ). A regional IPM video and three thematic short videos on youth and children (next generation), farmers (changing lives), soil remediation video for Village Number 1 in Tajikistan on cleaning up obsolete pesticides were finalised along with Country Specific Achievements videos for Azerbaijan, Kazakhstan, Kyrgyzstan, Tajikistan and Türkiye. A project end publication entitled ‘From stockpiles to sustainability: Seven years of transforming pesticide management in Central Asia and Türkiye’ was published in December 2025. The report synthesizes the project's major accomplishments, critical insights, and strategic guidance gained over seven years of regional collaboration. Furthermore, an Integrated Pest Management (IPM) booklet is currently being developed to document regional activities and the project's on‑the‑ground achievements. This resource will showcase the practical guidance provided by the project throughout its implementation to reduce pesticide use and phase out of Highly Hazardous Pesticides (HHPs). | H16: 1 | I16: Satisfactory (S)
A18: Average Cumulative progress toward outcomes (%) | B18: Time elapsed since project start/EOD vs Planned Project End Date | C18: % of delivery
A19: =IFERROR(AVERAGE(H8:H16),"") -> 0.94444444 | B19: =IF(OR('1. Basic project data'!E16="",'1. Basic project data'!E18=""),"",(TODAY()-'1. Basic project data'!E16)/('1. Basic project data'!E18-'1. Basic project data'!E16)) -> 1.9712329 | C19: =IF('1. Basic project data'!E23=0,"",'1. Basic project data'!E24/'1. Basic project data'!E23) -> 0.97169685
A30: Development Objective (DO) Ratings, and Overall Assessment
A31: Please note that the overall DO ratings should be substantiated by evidence and progress reported above. The ratings and comments should reflect the overall progress of results since project start
B33: FY2026 Development Objective rating¹ | C33: Project Manager/ Coordinator | D33: Budget Holder | E33: Lead Technical Officer13 | F33: GEF Operational Focal Point | G33: GEF Technical Officer (GTO)
C34: Satisfactory (S) | D34: Satisfactory (S) | E34: Satisfactory (S) | F34: Satisfactory (S) | G34: Satisfactory (S)
B35: Comments/reasons¹² justifying the ratings for FY2026 and any changes (positive or negative) in the ratings since the previous reporting period | C35: The project achieved several strategic results, which will be of importance beyond the project lifetime: a successful performance test in AZE, an electronic pesticide registration system in KGZ, and the uptake of IPM practices in all countries. | D35: The project was successfully completed, with an overall delivery rate of 99.92% (at the time of reporting), demonstrating the effective utilization of the available resources and strong implementation performance throughout the project period. As reflected in this final PIR, the project delivered its planned activities and key outputs successfully, while establishing important results and systems that are expected to continue providing benefits beyond project closure. | E35: The project substantially achieved its development objective of reducing risks from obsolete pesticide stocks and strengthening life-cycle pesticide management. The most significant technical result is the successful performance test at the Holcim Garadagh cement kiln in Azerbaijan (April 2026), which demonstrated a Basel Convention-compliant destruction route for POPs pesticides at a destruction efficiency roughly 80 times the required threshold - opening a viable national disposal pathway for Azerbaijan's stockpile of approximately 10,000 MT and drawing the interest of other countries in the region for this disposal option. Outcomes 2 and 3 were substantially achieved: legal and regulatory frameworks were strengthened in four countries, including legislation now in force in Kazakhstan and two Rotterdam Convention ratifications, and IPM trials in all five countries demonstrated pesticide-use reductions of 25-70% with farmer uptake reaching some 20 times the original target. | F35: The project’s annual progress and work plans were shared with the GEF Operational Focal Points in all participating countries through Project Steering Committee meetings, workshops, conferences, and regular meetings with regional and national project teams. Feedback received from these stakeholders has been positive. | G35: Project has worked a lot in building capacities, national and regional structures to ensure enahnced lifecycle management of pesticides and safeguarding against the risks of their use, stockpiling; promoting efficient techniques and infrastructure for their safe storage and potential disposal. It has encountered a lot of difficulties regarding the setting, legal framework and ability to regulate and transform the production and pesticide application/disposal systems; but it has trialed succesful applications to lay the groundwork for further uptaking and resolution of the issues that are being faced. It has identified in the end more work that needs to be done for the outreach to the farmers and consumers to boost the push towards improved safety of agricultural production and plant protection techniques; for follow-up projects.
A40: Measures to address MS, MU, U and HU ratings on Section 2 above
A43: Outcome | C43: Action(s) to be taken | E43: By whom? | G43: By When?
A44: N/A as project is closed
A48: 7 Some indicators may not identify mid-term targets at the design stage (refer to approved results framework) therefore this column should only be filled when relevant. 8 Use GEF Secretariat required six-point scale system: Highly Satisfactory (HS), Satisfactory (S), Moderately Satisfactory (MS), Moderately Unsatisfactory (MU), Unsatisfactory (U), and Highly Unsatisfactory (HU).

Sheet 3. Implementation Progress
B1: 3. Implementation Progress (IP)
B3: (Please indicate progress achieved during this FY as per the Implementation Plan/Annual Workplan)
B5: Outcomes and outputs | D5: Indicators (as per the logical framework) | F5: Main achievements in the last 12 months (please DO NOT repeat results reported in previous year PIR) | L5: Describe any variance 9 in delivering outputs
B7: Outcome 1.
B8: Output 1.1 National Inventory of obsolete pesticides and associated wastes finalized in 3 countries | D8: 1) Tonnes of identified stocks entered and validated in PSMS (note: PSMS is defunct since 2017) | F8: No new achievements in final project period.
B12: Output 1.2 Risk reduction and disposal strategy for sound management of obsolete and POPs pesticides completed | D12: 2) Number of EAs and EMPs adopted 3) Disposal capacity | F12: * AZE: The performance test has been undertaken 13-27 April 2026. The test was successful, reaching a DDT destruction level (DE and DRE) between 99.9999980 % and 99.9999988 %, which is about 80 times higher than the DRE of 99.9999 % required by the Basel Convention. * AZE: Electronic Waste Management Information System (WMIS) delivered to ASA in October 2025. Equipment for safe handling of wastes at Jangi storage facility procured in 2Q/2026. * KAZ: As treatment of hazardous wastes is to happen in a legally regulated space, legislation is needed to allow co-processing as a technology for hazardous waste treatment. A legislation draft based on best practices for co-processing wastes was developed.
B16: Output 1.3 900 MT of obsolete and POPs pesticides are safeguarded and disposed of in AZE, KGZ and TJK | D16: 4) Tonnes of wastes a) safeguarded and b) destroyed | F16: * KAZ: From 30 March – 6 April 2026, an obsolete pesticides store in the village of Nekrasovka, Denisov District, Kostanay Region, was safeguarded. In total, 6,916.8 kg of obsolete pesticides and contaminated materials were repacked into UN-certified packaging in line with best international practice for hazardous chemicals management. The work took place in presence of an experienced FAO supervisor. An Act of Completion of Works was signed, thus handing the waste back to MoE, which intends to move it away and dispose of it until end 2026. * KGZ: From 20-27 April 2026, the remaining 9 drums with liquid obsolete pesticides remaining from the 2025 safeguarding campaign have been repackaged and the materials transferred to Ministry of Defense. And in Batken, 16 953 kg of obsolete pesticides with soils have been repackaged and the materials transferred to the Kulundu local self-government.
B20: Output 1.4 Risk associated with one critical contaminated site in one country is reduced | D20: 5) Rapid Environmental Assessment score for the site has reduced | F20: * KAZ + KGZ: Phyto- and bio-remediation trials in pesticide contaminated soils (both POPs and heavy metals) in both countries achieved 85–99 % reduction of contamination levels. Results and recommendations on the best use of bio-/phyto-remediation have been developed by both projects and are developed into a FAO resource document.
B24: Output 1.5 Container management capacity developed in the region and risks of empty containers reduced in AZE | D24: 6) Number of farmers (m/f) a) reusing containers and b) practicising triple rinsing 7) Number of containers collected in AZE | F24: * KGZ: A CMS pilot project was launched in Sokoluk district in 2025 by pesticide sales companies to quantify the volume of containers generated in the district annually, investigate potential disposal options within the country, and define options for collection schemes and delivery points. A workshop was held on October 2025 to present the pilot results and discuss replication on a national level based on a draft CMS model developed on the pilot results. Recommendations to implement a CMS has been submitted to the Government for further action.
B28: Output 1.6 High risk behaviours by exposed populations are quantified and reduced | D28: 8) Proportion of high risk populations practising high risk behaviours which expose them to obsolete pesticides | F28: * AZE, KAZ, KGZ, TJK: ToxicNet chemicals information network was expanded in 2025 into a regional network covering Azerbaijan, Kazakhstan, Kyrgyzstan and Tajikistan. National coordinators were appointed in each country and a Network Charter was approved. By the end of 2025, the network comprised 151 members from government bodies, NGOs, research institutions, universities and independent experts. A regional communication strategy was developed and implemented, supported by an updated website (toxicnet.asia), active outreach via Instagram, Facebook and TikTok reaching over 5’000 people monthly, and the production of multilingual awareness materials (brochures and videos). Information materials in six languages were developed with the participation of over 120 representatives of competent authorities and practitioners. The network is a sustainable result of the project and will continue to operate after the project's completion as a regional mechanism for knowledge‑sharing and capacity development in the safe management of chemicals.
B32: Outcome 2
B33: Output 2.1 Revised legal frameworks in line with the Code of Conduct developed | D33: 9) Number of identified non-conformances between national legislation and Code | F33: * KAZ: Various pieces of legislation were drafted for the further consideration by the government. First, a draft national standard on co‑processing of hazardous waste in cement kilns was developed. This will allow the use of Alternative Fuels and Raw Materials in cement kilns, including obsolete pesticides. Upon request by the MoE, a further two legislation drafts were developed to address several unregulated areas related to hazardous and legacy waste. One regulation draft addresses “Operation of Landfills and Temporary Waste Storage Sites in Rural Settlements”, while the other deals with “ Historical Pollution Management”.
B37: Output 2.2 Registration procedures and capacity strengthened by training and collection and consideration of field data on pesticide use and impacts + Output 2.3 Field data on PPE and spray operations is used to provide advice to farmers | D37: 10) Quality and comprehensiveness of data requirements for registration regulation in TAJ, TUR, and KAZ 11) Current and best case operator exposures quantified 12) Dissemination of results to extension advisors & farmers including # of publications/events | F37: * A regional video covering the various elements of pesticide lifecycle management including obsolete pesticide management, pesticide risks, regional issue and FAO’s interventions to address them was prepared and it accessible at https://www.youtube.com/watch?v=0glGHvG_a7I. A filming mission was arranged in 2Q/2025 to take footage and interviews for a project end video, a regional IPM video and three thematic short videos on soil contamination, obsolete pesticide management and CMS. The project end video was released on 15 December 2025 and can be found at https://youtu.be/TQvshG7AeGI?si=kJavrnIJcdlVqG73 and is also available on the project website. The other videos were finalised and published in 2Q/2026. * KGZ: The development of an electronic registration and sellers licensing system was finalised. The development process contributed to a better understanding in the MoA how to improve the registration system. The current paper-based registration list was imported into the electronic database (about 1’500 products) and completed with missing information. The exercise was also used to discuss with MoA staff the principles of registration and toxicity testing. The new electronic system was also welcomed by pesticide suppliers as it makes import application and product registration far more efficient. The new system started to operate in 2026. * TJK: Work was supported to lay the foundations for an electronic pesticide registration system. Through an LoA, a national model for the state registration of agrochemicals and pesticides has been developed and described, covering a digital agrochemicals register, expert assessment of registration dossier, market authorisation, registration of sellers and importers, traceability of packaging throughout its life cycle, and the preparation of a methodological framework for identifying and regulating potentially hazardous chemicals. The model covers the entire pesticide life cycle: from dossiers and certificates through to sale, use, identification and tracking through a QR-code of packaging, return, rinsing and recovery/disposal. * TUR: Procurement of a post-sales inspection system for pesticide spraying equipment was done. The system was delivered to three pilot areas in 4Q/2025 and local trainings provided. The management software was translated into Turkish and adapted to include the spraying equipments used in Türkiye. Based on the experience with the pilot systems, MoAF foresees replication across all agricultural regions as part of its state programme. * TUR: To improve pesticide spraying practices and reduce the overall volume of pesticides used, a training was held with six topical modules: Selection of Appropriate Spraying Machines and Tools; Good Practices Before and After Spraying; Usage of Agricultural Tools and Machines; Maintenance and Calibration of Spraying Machines and Tools; Risks and Related Safety Measures; and Selection, Use and Disposal of PPE. Following an initial ToT on 22-23 September 2025, the training has been completed by experts from 30 provinces and will be extended in 2026 to all 81 provinces as part of the state programme. Based on participant feedback, it was decided to extend the training from 2 to 3 days to allow more time for practical training with machinery in the field.
B41: Outcome 3.
B42: Output 3.1 Pest and disease monitoring to guide plant protection decisions in key crop(s) established in 3 countries (AZE, KGZ, TJK) | D42: 13) Number of advisors (m/f) trained and number of farmers participating 14) Frequency of pesticide applications reduced | F42: * TJK: In December 2025, a three-day training was held on management of dryland beetles (Rhizotrogus fortis Reitter) in pastures and rain-fed arable lands. It included 21 plant protection specialists from the State Entity for Plant Protection and Agricultural Chemicals (SEPPAC) and provided the essential skills for effective pest monitoring and management. Through the intensive programme, participants gained theoretical and practical knowledge in survey design, accurate pest identification, and the use of advanced digital tools for data collection and mapping. This initiative strengthens Tajikistan’s ability to manage agricultural threats with precision, thereby supporting more resilient food systems and protecting rural livelihoods. In a related activity, tablets and computers were provided to move the Tajik pest monitoring system from a paper-based to an electronic system.
B46: Output 3.2 Integrated pest management practices tested, validated and promoted to male and female farmers | D46: 15) Number of farmers (m/f) participating in IPM demonstration sites and applying methods in their own fields | F46: * KGZ: The trainings continued in 2025 with specialists from district departments of agricultural development and local government bodies as well as 107 regional employees of DCPPQ. The trainees were formed into 45 groups across the country (8-10 agronomists in each group, a total of 400 agronomists), which were then trained during the entire growing season from March 2025 to July 2025 on advanced agricultural practices on pest and disease monitoring, spraying, integrated pest management, and improved pesticide management (storage and disposal). * KGZ: To scale up IPM use nationally and thus contribute to pesticide use reduction, the approaches developed during the prior IPM trials with the Kyrgyz National Agrarian University were replicated with private companies. Using the results from the 2020-2022 trials in Sokuluk district (see above), IPM approaches were promoted in 2025 among 3 private companies growing tomato (60 ha), apple (6 ha) and corn (10 ha). Results of IPM tests confirmed economic and agro-ecological feasibility of implementing IPM. Despite the increase of some cost positions (e.g. monitoring, manual labour, bio-preparations), the overall economic result is positive. Switching to IPM is especially beneficial in the context of intensified production and stable demand for environmentally friendly products. This activity was supported by university students, who had opportunity to participate on farm internships and visits.
B50: Output 3.3 Quantify and promote the benefits of IPM and alternatives to HHPs, to farmers and pesticide management decision-makers | D50: 16) Profit, pesticide use and exposure comparison for trained and untrained farmers 17) Dissemination of results and experience | F50: * A synthesis of the data of the various IPM trials was developed by April 2026.
B54: Outcome 4.
B55: Output 4.1 Project monitoring system fulfils all applicable donor and stakeholder reporting requirements | D55: 18) Quality and timely project reports 19) Midterm and final evaluation reports | F55: * Seventh PIR prepared; eighth PPR finalized. * Finance and activity tracking tools in place. * Project internal M&E system in place. * Terminal evaluation started in summer 2025. Evaluation team visited selected sites in all five countries, held interviews and reviewed project publications and other materials. The Terminal Evaluation Report will be published in summer 2026.
B59: Output 4.2 Project evidence and lessons are taken into consideration in pesticide and agriculture policy-making, and widely disseminated to key national and international audiences | D59: 20) Number of high-level participants attending project events and meetings 21) Media coverage of publications and awareness materials | F59: * The final PSCM was held on 19 December 2025 in Istanbul and provided a summary of all project achievements and results. The project exit strategy was discussed. The prior day, a workshop was held on health and environmental impacts of pesticides and the importance of trainings for medical staff on pesticide poisoning diagnosis and treatment and of establishing national Poison Centres. * A project end video was published on 15 December 2025 ( https://youtu.be/TQvshG7AeGI ). A regional IPM video and three thematic short videos on youth and children (next generation), farmers (changing lives), soil remediation video for Village Number 1 in Tajikistan on cleaning up obsolete pesticides were finalised along with Country Specific Achievements videos for Azerbaijan, Kazakhstan, Kyrgyzstan, Tajikistan and Türkiye. A project end publication entitled ‘From stockpiles to sustainability: Seven years of transforming pesticide management in Central Asia and Türkiye’ was published in December 2025. The report synthesizes the project's major accomplishments, critical insights, and strategic guidance gained over seven years of regional collaboration. Furthermore, an Integrated Pest Management (IPM) booklet is currently being finalised to document regional activities and the project's on‑the‑ground achievements. This resource will showcase the practical guidance provided by the project throughout its implementation to reduce pesticide use and phase out of Highly Hazardous Pesticides (HHPs).
B64: Implementation Progress (IP) , and Overall Assessment
B66: Please note that the overall IP ratings should be substantiated by evidence and progress reported above. The ratings and comments shoud reflect the overall progress of results during the fiscal year (July 1 2025, to June 30, 2026)
D67: Project Manager/ Coordinator | F67: Lead Technical Officer | H67: Budget Holder | J67: GEF Operational Focal Point (OFP) | L67: GEF Technical Officer (GTO)
B70: FY2026 Implementation Objective rating10 | D70: Satisfactory (S) | F70: Satisfactory (S) | H70: Satisfactory (S) | J70: Satisfactory (S) | L70: Satisfactory (S)
B73: Comments/reasons justifying the ratings for FY2026 and any changes (positive or negative) in the ratings since the previous reporting period | D73: The project achieved several strategic results, which will be of importance beyond the project lifetime: a successful performance test in AZE, an electronic pesticide registration system in KGZ, and the uptake of IPM practices in all countries. | F73: Implementation during this final reporting period focused on closing out the project's most technically complex activities: the Azerbaijan performance test was successfully completed (13-27 April 2026) following a rescheduling necessitated by kiln operational issues in October 2025, Kyrgyzstan completed final safeguarding of its remaining obsolete pesticide stocks. Kyrgyzstan's electronic pesticide registration system was finalised and turned operative, and both Kazakhstan and Kyrgyzstan completed safeguarding of obsolete pesticides stocks. | H73: The project was successfully completed, with an overall delivery rate of 99.92% (at the time of reporting), demonstrating the effective utilization of the available resources and strong implementation performance throughout the project period. As reflected in this final PIR, the project delivered its planned activities and key outputs successfully, while establishing important results and systems that are expected to continue providing benefits beyond project closure. | J73: The project’s annual progress and work plans were shared with the GEF Operational Focal Points in all participating countries through Project Steering Committee meetings, workshops, conferences, and regular meetings with regional and national project teams. Feedback received from these stakeholders has been positive. | L73: The final year of implementation has focused on wrapping up the remaining activities and have achieved several results that will be significant in ensuring continued impact of the project's achievements, such as the finalization of test burning in Azerbaijan, draft legislations in Kazakhstan; development of knowledge products on phyto and bio remediation as well as IPM practices; training and development of protocol for monitoring of spraying devices in Turkiye, which is mainstreamed in the Ministry's program. Overall the progress in the reporting year is quite satisfactory.
B90: 9 Variance refers to the difference between the expected and actual progress at the time of reporting. 10 Implementation Progress Rating – A rating of the extent to which the implementation of a project’s components and activities is in compliance with the projects approved implementation plan.

Sheet 4. Summary_Progress & Challenge
B2: 4. Summary on progress and challenges
B3: Please provide a summary paragraph on project implementation progress consistent with the information reported in section 2 and 3 of the PIR (Max 400 words) (This section will be uploaded to the GEF portal)
B5: Component 1: Safe Disposal and Risk Reduction The key achievement at project end was the successful POPs disposal performance test in Azerbaijan. The test reached a DDT destruction level (DE and DRE) between 99.9999980 % and 99.9999988 %, which is about 80 times higher than the DRE of 99.9999 % required by the Basel Convention. The project also managed to build up capacity on POPs waste management based on country-specific needs: Disposal and landfill management for Azerbaijan, national inventory and contaminated site assessment for Kazakhstan, inventory, safeguarding and piloting of a CMS in Kyrgyzstan, safeguarding of mini-landfills in Tajikistan. The project also demonstrated that bio- and phyto-remediation of POPs and heavy metal-contaminated soils is an effective and at the same time cost-effective method. Component 2: Regulatory and Institutional Strengthening The project was able to strengthen various elements of pesticide life-cycle management. Key achievements were the establishment of an electronic pesticide registration system in Kyrgyzstan and the elaboration of the model of a similar system for Tajikistan. Also, with support by the project, both Tajikistan and Azerbaijan ratified the Rotterdam Convention. Farmer-level pesticide exposure assessment in KAZ, KGZ and TJK gave a better understanding of the issues to address in the field in this and future projects. A training on diagnosis and treatment of pesticide poisoning was developed and implemented. Finally, establishment of a post-sales inspection system for pesticide spraying equipment has been facilitated in Türkiye. The system will be rolled out by MoAF country-wide based on experience gained with the test system. Component 3: Integrated Pest Management (IPM) and Alternatives to Hazardous Pesticides Promoting IPM practices remained a core element as it is key to provide alternatives to pesticide use. Experience gained over the project and all five project countries was shared at a regional meeting in Budapest in May 2025. All results showed the validity of IPM to reduce pesticide use by 20-100 %. Component 4: Knowledge Sharing and High-Level Commitment Project learnings were shared through workshops, trainings, development of information materials, guidelines and videos. Each PSCM was used as an opportunity for participants to visit some project field site and learn first hand on possible solutions to improve agricultural and waste management practices.
B17: Please provide a summary paragraph on challenges of project implementation consistent with the information reported in section 2 and 3 of the PIR (Max 400 words) (This section will be uploaded to the GEF portal)
B19: The project encountered challenges like legislative barriers, institutional constraints and lack of expertise and materials in the countries. In certain cases, the lack of a designated responsible entity for obsolete pesticide management hindered progress. Despite these hurdles and with persistent efforts, substantial advancements were made in safeguarding pesticides, improving regulatory frameworks, and promoting sustainable pest management practices.
B26: Implementation of Exit Strategy
B28: Has the project developed an Exit Strategy? If yes, please describe the progress to implement it. | F28: Strategy developed and presented at December 2025 final PSCM to project countries.
B31: How is the project enhancing institutional capacities to foster country ownership for more durable / sustained results? | F31: IPM: NAPs were developed for four countries, giving them long-term guidance along which to develop IPM. Disposal: The successful performance test will be used by Azerbaijan to dispose of its POPs legacy as part of a new state programme. Pesticide registration: Kyrgyzstan has gained a new understanding of the role of pesticide registration during the development of the electronic pesticide registration system. It has created a core team which will continue the work. Contaminated site clean-up: Tajikistan has learned through the Village #1 mini-landfill clean-up how to manage such activities according to best international practices. Further work will be supported by the related GEF/UNEP project.

Sheet 5. ESS Risk
B2: 5. Environmental and Social Safeguards (ESS): risks from the project
B4: Initial ESS Risk Classification (at CEO Endorsement/Approval Stage) | E4: High
B7: New environmental and social risks. | E7: None
B15: Progress made towards implementing the Enivronmental and Social Management Plan (ESMP) (only for Moderate and High Risk Projects) | E15: Risks related to safeguarding, transport and disposal of obsolete pesticides were considered “High” at time of endorsement of project. Risks during safeguarding of 210 MT of POPs pesticides at Jangi landfill (Azerbaijan) were mitigated by using an experienced international contractor which developed an HSE plan reviewed by FAO and submitted to AZE government. Safeguarding staff has been trained by the international contractor. FAO had an international consultant overseeing safeguarding work independently. Risks during safeguarding of 10 MT of obsolete pesticides in Türkiye were mitigated by using an experienced, licensed national waste contractor who developed an HSE plan reviewed by FAO. Contractor used its own, experienced staff for safeguarding. FAO had an experienced international consultant overseeing safeguarding work independently. Risks during safeguarding of 90 MT of obsolete pesticides in Osh region (Kyrgyzstan) were mitigated by using staff of the Army’s Chemical Forces. Along with their military training, they were trained on the specifics of pesticide repackaging by an experienced international consultant provided by the project, and the consultat was also overseeing the safeguarding work. For the Azerbaijan co-processing performance test, a performance test protocol was developed by an IC with 15 years of relevant experience. The test was implemented in close coordination with an experienced emission monitoring contractor, the cement company, the regulator and FAO supervisors. Work for contaminated soil and landfill management was done in line with relevant Stockholm and Basel Convention Guidelines. Procurement list and SOPs were reviewed by FAO. Work was supervised by an experienced international consultant.
B23: Grievance Redress Mechanism (GRM) | E23: No grievances were received. Ad-hoc Grievance Redress Mechanism (GRM) is: Review Level: National Team Leaders and FAO Representations in countries: Azerbaijan, Kazakhstan, Kyrgyzstan, Tajikistan, Türkiye Next level: FAO SEC Office, FAO-SEC@fao.org Higher level: Mr. Viorel Gutu, Assistant Director-General. Regional Representative for Europe and Central Asia, viorel.gutu@fao.org Office of the Inspector General (OIG): By confidential hotline: fao.ethicspoint.com By e-mail: Investigations-hotline@fao.org or inspector-general-office@fao.org By regular mail: Office of the Inspector General Food and Agriculture Organization of the United Nations Viale delle Terme di Caracalla, 00153 Rome, Italy

Sheet 6. Risks to the Project
B2: 6. Risks to the Project
B4: The following table summarizes risks identified in the Project Document and reflects also any new risks identified during the project implementation.
C7: Type of risk | E7: Risk rating11 | F7: Identified in the ProDoc Y/N | G7: Description of Risk | L7: Mitigation measure implemented
B9: 1 | C9: Political | E9: Moderate | F9: Yes | G9: Project agreement with FAO will not be signed in different countries in a timely manner and season-sensitive activities such as inventory field work and cropping systems are unavoidably delayed to Year 2 | L9: FAO followed up regularly in the project initiation phase to ensure that countries join in a timely manner. All countries have joined the project and are actively participating.
B13: 2 | C13: Safety & Security | E13: Moderate | F13: Yes | G13: Lack of disposal options in the Central Asia Region means that safeguarded stocks will not be able to be finally disposed | L13: Re. 1) Export options were repeatedly investigated, with negative result. Re. 2) In AZE, a national disposal option has been identified. Government has requested project to undertake a performance test to show that the Garadagh cement kiln provides environmentally sound POPs pesticide disposal in compliance with the standards set forth by the Basel Convention Technical Guidelines. A potential national disposal option has been identified in Kazakhstan, however, key obstacle for continuing work is the absence of regulations on using co-processing for the disposal of wastes. Kyrgyzstan and Tajikistan have declined further work on developing national disposal solutions due to a lack of capacity to deal with and regulate such systems. They favour temporary safe storage of hazardous wastes instead.
B17: 3 | C17: Political | E17: Moderate | F17: Yes | G17: Political instability in project countries | L17: To reduce risks of work stalled due to a paralysed government, work should also be carried out through universities and other actors independent from government. IPM trials are done mainly in collaboration with research and academic institutions. Safeguarding and disposal work is done through experienced Service Providers. CMS work aims at involving crop protection industry as a process driver.
B21: 4 | C21: Legal & Regulatory | E21: Moderate | F21: Yes | G21: Contradiction between national and international legislation/ standards; and between ministries | L21: FAO legal assessment defined gaps in existing legislation and made suggestions for harmonisation with international standards. Certain topics are hardly covered by legislation (CMS) and model regulations needed to be developed by FAO for further adaptation by countries. Gaps of current legislation against the Code of Conduct have been defined and model legislation to close gaps is developed for the further use by the countries.
B25: 5 | C25: Operational & Logistical | E25: Moderate | F25: Yes | G25: Lack of technical capacity (personnel and equipment) in project countries, including staff mobility | L25: Provide countries with guidelines and relevant trainings. Activities in the countries include considerations of how to create national sustainability. The project’s PSCs are used as an opportunity to provide countries with information and trainings on safeguarding, pesticide registration, IPM, digital tools in agriculture and remediation of contaminated soils. Bio-remediation trials develop an approach which is affordable and low-tech to address the huge volumes of contaminated soil. Post-sales inspection of spraying equipment is strengthened in Türkiye through development of a mobile inspection system. Also, alternatives to the use of HHP have been developed. Trainings on better landfill management were implemented. All work is done under supervision by experienced ICs or the project core team.
B29: 6 | C29: Social | E29: Moderate | F29: Yes | G29: Objections and non-cooperation with disposal activities by governments and civil society in project and transit countries. | L29: Lack of a perspective on disposal options exist in both Kyrgyzstan and Tajikistan. Preferably, a national dialogue on waste management will be established to ensure better understanding across stakeholder groups and work towards a national consensus. Community involvement ahead of safeguarding and disposal activities has been a key consideration.
B33: 7 | C33: Economic | E33: High | F33: Yes | G33: Insufficient funds for safeguarding of major contaminated sites, the disposal of POPs and other project activities. | L33: In view of the enormous legacy waste amounts, funds for safeguarding/ remediation will always remain insufficient. Without governments committing national funding and developing cost covering schemes for legacy wastes, progress will be stalled. The topic is regularly addressed in meetings with governments. Azerbaijan governments starts to plan own annual budget lines on obsolete pesticides management.
B37: 8 | C37: Safety & Security | E37: Moderate | F37: Yes | G37: Accidents and exposure during safeguarding, transport and handling of wastes and empty containers. | L37: Only experienced waste management companies adhering to best international practices and with a proven track record are eligible to participate in safeguarding/disposal tenders. These companies are to provide trainings to national teams before start of work to lower risks, ensure adequate supervision during work, but also build up national capacity and experience. Work is supervised by FAO international consultants and FAO national representatives. Work on contaminated site remediation is supervised by an IC with 30 years of field experience.
B41: 9 | C41: Social | E41: Moderate | F41: Yes | G41: Lack of awareness about OP problems among populations and decision makers. | L41: Awareness raising activities are to be undertaken in parallel to IPM resp. safeguarding work. Information campaigns are held in all project countries.
B45: 10 | C45: Environmental | E45: Moderate | F45: Yes | G45: Climate risks such as heavy winters and hot summers, crop calendars disruption or increase of pest invasions. | L45: Seeds and cultivation methods adapted to the climate zone must be selected. Study on impact of Climate Change on pests and diseases published, which provides directions on mitigation options.
B49: 11 | C49: Social | E49: Moderate | F49: Yes | G49: Low existing use and uptake of alternative technologies by producers. | L49: Change agents like NGOs or farmer associations are involved to ensure sustainability and to multiply uptake. Advantages of alternative technologies are documented and information shared. Farmers involved in apple orchard trials in Isparta, Türkiye, have expressed their will to take up the newly introduced IPM methods.
B53: 12 | C53: Safety & Security | E53: High | F53: No | G53: Slow down or inability of implementing some activities due to Covid-19 | L53: Covid-19 restrictions have been lifted in all project countries.
B59: Project overall risk rating (Low, Moderate, Substantial or High):
B60: FY2025 rating | C60: FY2026 rating | D60: Comments/reason for the rating for FY2026 and any changes (positive or negative) in the rating since the previous reporting period
B62: Moderate | C62: Moderate | D62: The nature and incidence of risks identified during project formulation has in general remained unchanged. Mitigation measures are implemented. All activities are of an innovative nature and ask national partners to change traditional approaches. Intensive discussions were needed to ensure the needed understanding and buy-in. Work is implemented using tight supervision by FAO core staff or experienced international consultant. Safeguarding and disposal work was done following the standards set forth by the Basel and Stockholm Conventions as well as the UNECE ADR.
B74: 11 Risk ratings means a rating of the overall risk of factors internal or external to the project which may affect implementation or prospects for achieving project objectives. Risk of projects should be rated on the following scale: Low, Moderate, Substantial or High.

Sheet 7. Follow-up on Mid-term review
B2: 7. Follow-up on Mid-term review or supervision mission
B4: If the project had an MTR or a supervision mission in 2025, please report on how the recommendations were implemented during this fiscal year as indicated in the Management Response or in the supervision mission report.
B7: MTR or supervision mission recommendations | F7: Measures implemented during this Fiscal Year
B9: Recommendation 1: The MTR recommends a no-cost extension of the project until at least December 2024, in order to make it possible for the project team and the executing partners to achieve the project outputs and outcomes and capitalize on all the preparatory work done so far. For Kazakhstan, it is necessary to have additional discussions between the government counterparts and FAO on short notice as in this country all activities still need to be implemented (accelerating/intensifying activities, running activities in parallel, preparation of a follow-up project). | F9: Project was extended operationally until June 2026. KAZ NTL has been very successful in pushing implementation and the project has implemented a comprehensive national work programme meeting requests and needs of MoE.
B11: Recommendation 2: FAO to ensure that communication, coordination and regular flow of information with (and between) national stakeholders of the project become more structured, and the functioning of the PSC is strengthened. | F11: Final PSC meeting was held in December 2025 and was used to provide countries with a comprehensive overview of all the work implemented over the six project years as well as an exit strategy with work to be continued by the countries.
B13: Recommendation 3: FAO to ensure that methodical/strategic communication and awareness raising/outreach strategies are prepared (that considers increasing rural women’s (and children's) access to knowledge and participation in project activities) and implemented. | F13: The majority of project events are accompanied by work with media. Surveys, trainings and related information materials take up gender considerations where possible. Also, information materials on pesticide risks and IPM where developed and translated into national languages so that they are accessible also to farmers in rural areas.
B15: Recommendation 4: FAO to ensure that (exit) strategies (including elements on what will happen after project end) and national action plans will be agreed with the government counterparts, to ensure sustainability and upscaling of project results. | F15: Exit strategy was developed and presented during the Final PSCM in December 2025 to the countries.
B17: Recommendation 5: FAO to keep ensuring that all activities are in-line with relevant national and international rules and regulations. For this reason, conduct due diligence prior to major activities of the project (safeguarding, transport, temporary storage and disposal). | F17: All activities are done in line with national regulations (e.g. asking for specific permits or developing an EIA for an activity) and the standards set forth by the BRS Conventions, the UNECE ADR and other international standards as appropriate.
B19: Recommendation 6: Align the separate national inventory studies in the region and put all data into a common database in a systematic manner (as the project will not be able to resolve all issues and a well-organized database may be useful in future projects in the region). Ensure agreement of the relevant ministries with the inventories conducted. | F19: Improvement of data management at government level is supported by various activities (GIS introduction and training for managing inventory data, development of electronic pesticide registration systems).
B21: Recommendation 7: FAO to focus on the disposal of 900 tonnes of obsolete pesticides. If this target cannot be achieved, the project should secure safeguarding of obsolete pesticides (of larger amounts than 900 tonnes) in UN-approved packaging, temporary storage in a licensed facility, and obtaining a letter of intent for completion of disposal from the government authority. | F21: The goal of disposing 900 MT of OP could not be achieved. However, the project successfully finalised testing of a co-processing disposal option in Azerbaijan, thus opening the door to the disposal of 10 000 MT of OP in Azerbaijan and providing a technical example for the other Central Asia countries. In TUR, smaller stocks were disposed and the government is working on reducing the amount of expired pesticides. Stocks were also safeguarded in KAZ and KGZ In TJK, a mini-landfill was remediated (over 5 000 MT of OP and contaminated materials removed) and central storage capacity increased (six soil cells and a store building built). This all reduces risks to the local population and the environment.
B23: Recommendation 8: Considering the POPs disposal limitations in the region and the huge number of buried pesticides (leading to large volumes of contaminated soil) in all project countries except Turkey, it is recommended that the project focuses more on upscaling of the bioremediation trials, potentially through promoting commercialization of these technologies in project countries. | F23: Phyto- and bio-remediation trials in pesticide contaminated soils (both POPs and heavy metals) achieved 85–99 % reduction of contamination levels. Results and recommendations on the best use of bio-/phyto-remediation have been developed and are currently developed into a FAO resource document.
B25: Recommendation 9: Ensure life-cycle management of pesticides containers and Agricultural Plastic Waste in demonstration projects rather than just collecting pesticide containers, and consider applying innovative circular solutions such as demonstrating pest-control services with “product as a service approach”. | F25: A CMS pilot was successfully tested by pesticide sales companies in KGZ. The pilot results were sent to the government for replication on a national level. TUR has developed with support by the project a CMS based on its existing container tracking system.
B27: Recommendation 10: Ensure that recommendations provided by the MTR gender consultant are implemented to increase gender mainstreaming in the project, including (additional) specific field studies on gender, identifying gender-disaggregated indicators, increasing awareness of the decision-makers on gender concerns, preparing a gender action plan, and regularly consulting a gender expert in the project. | F27: A regional report has been developed on gender and pesticide use in all project countries except KAZ. As a next step, a Farmers’ pesticide exposure assessment generated gender disaggregated data on which to build further efforts and inform the national system.

Sheet 8. Minor project amendments
B2: 8. Minor project amendments
B4: Minor amendments are changes to the design or implementation that do not have significant impact on the project objectives or scope, or an increase of the GEF project financing up to 5% as described in Annex 9 of the GEF Project and Program Cycle Policy Guidelines 12. Please describe any minor changes that the project has made under the relevant category or categories and provide supporting documents as an annex to this report if available. (This section will be uploaded to the GEF Portal)
B9: Category of change | D9: Provide a description of the change | I9: Indicate the timing of the change | J9: Approved by
B12: Results framework
B14: Components and cost
B16: Institutional and implementation arrangements
B19: Financial management
B21: Implementation schedule | D21: Project has been extended until June 2026 | I21: 46125 | J21: Approved by the GEF Operational Focal Points (OFPs) through email consultations.
B23: Executing Entity
B25: Executing Entity Category
B27: Minor project objective change
B29: Safeguards
B31: Risk analysis
B33: Increase of GEF project financing up to 5%
B36: Co-financing
B38: Location of project activity
B40: Other minor project amendment (define)
B49: 12 GEF Council meeting documents, guidelines, project and program cycle policy 2020 update

Sheet 9. Stakeholders' Engagement
C2: 9. Stakeholders' Engagement
C4: Please report on progress, challeges, and outcomes on stakeholder engagement (based on the description of the Stakeholder Engagement Plan) included at CEO Endorsement/Approval during this reporting period. (This section will be uploaded to the GEF Portal)
C8: Profile | E8: Stakeholder name | G8: Type of partnership | H8: Progress, results & Challenges on Stakeholder's Engagement
C9: Government Institutions | E9: Isparta Fruit Research Institute | G9: Undertakes IPM trials in apple orchards in Türkiye
C10: Government Institutions | E10: Tajik Committee of Environmental Protection | G10: Governmental counterpart for activities in Tajikistan | H10: Development of a model for a Tajik electronic pesticide registration system could be finalised. Further work will be done by CEP beyond project lifetime.
C11: Government Institutions | E11: Turkish MoAF | G11: Governmental counterpart for activities in Türkiye | H11: Tested successfully the procured spraying equipment inspection system and will role it out across the country as part of its state programme.
C12: NGOs | E12: NGO Peshsaf (Tajikistan) | G12: Main partner for work on mini-landfills and pesticide risk communication
C13: NGOs | E13: Center "Cooperation for Sustainable Development” (Kazakhstan) | G13: Main partner for awareness raising work on risks by obsolete pesticides and mitigation measures | H13: CSD will continue to operate ToxicNet in the four Central Asia countries beyond project lifetime.
C14: Private Sector entities | E14: Holcim Azerbaijan | G14: Potential national disposal solution | H14: Supported successful co-processing performance test and informed government that it is ready to co-process the 10 000 MT of POPs pesticides from Jangi storage facility.
C15: Private Sector entities | E15: Veolia Field Services
C16: Private Sector entities | E16: Akademi Cevre
C17: Others | E17: Kyrgyz Army, Chemical Forces | H17: Were involved in the April 2026 safeguarding at Saray military base and in Batken.
C18: Government Institutions | E18: Kazakhstan MoE | G18: Governmental counterpart for activities in Kazakhstan | H18: Supervised safeguarding of obsolete pesticides at Nekrasovka.
C19: Government Institutions | E19: Azerbaijan MENR, MoA and AFSA | G19: Governmental counterparts for activities in Azerbaijan | H19: Followed closely the proceedings of the performance test and provided temporary permit for the test.
C20: Government Institutions | E20: Kyrgyzstan ministries | G20: Governmental counterparts for activities in Kyrgyzstan | H20: Intensively participated in the development and deployment of the new electronic pesticide registration system.
C21: NGOs | E21: Center "Cooperation for Sustainable Development” (Kazakhstan) | G21: Main partner for regional awareness raising work on risks by obsolete pesticides and mitigation measures
C22: NGOs | E22: Public Association “Human Health Institute” | G22: SP for inventory of obsolete pesticides
C23: NGOs | E23: Association of legal entities "Association Ecoforum of Kazakhstan" | G23: SP for inventory of obsolete pesticides
C24: NGOs | E24: Public Foundation “Karaganda Regional Environmental Museum” | G24: SP for inventory of obsolete pesticides | H24: Safeguarded obsolete pesticides at Nekrasovka.
C25: Government Institutions | E25: Institute of Quarantine and Plant Protection | G25: Kazakh Research Institute promoting IPM
C26: Government Institutions | E26: Institute of Biology and Biotechnology of Plants | G26: Republican State Enterprise with Right for Economic Management "Institute of Plant Biology and Biotechnology" undertake soil phyto-bio remediation. | H26: Provided synthesis report on the results of the bio- and phyto-remediation trials.
C27: Private Sector entities | E27: Scientific analytical center | G27: Kazakh laboratory providing analysis of various pesticide samples
C28: Private Sector entities | E28: Agriman | G28: Azerbaijani laboratory providing analysis of various pesticide samples
C29: NGOs | E29: PAN UK | G29: Provides assessments of farmer-level pesticide exposure
C30: NGOs | E30: Biocidal Occupational and Environmental Health Association (Biyosidal Is ve Cevre Sagligi Dernegi) | G30: Group of medical doctors providing targeted training on diagnosis and treatment of pesticide poisoning

Sheet 10. Gender Mainstreaming
B2: 10. Gender Mainstreaming
B4: Information on Progress on Gender-responsive measures as documented at CEO Endorsement/Approval in the gender action plan or equivalent (when applicable) during this reporting period. (This section will be uploaded to the GEF Portal)
B6: Category | E6: Yes/No | F6: Briefly describe progress and results achieved during this reporting period.
B8: a. Closing gender gaps in access to and control overal natural resources | E8: Yes | F8: Throughout implementation, the project's approach to closing gender gaps in access to natural resources was evidence-based: a pesticide exposure assessment conducted in two phases (2023 and 2024) in Kazakhstan, Kyrgyzstan and Tajikistan explicitly included gender disaggregation, establishing that women have comparatively less access to information, formal pesticide sources and personal protective equipment than men, and are more likely to rely on cheaper, illegal or obsolete products, particularly in informal and seasonal work such as greenhouse cultivation. This evidence directly informed the project's later risk-communication and training activities and is consolidated in the paper "Gender Dynamics in Pesticide Use and Management in Central Asia and Türkiye" (2025). The approach described above was established in earlier project phases and informs the sustainability of results after project closure.
B12: b. Improving women's participation and decision making | E12: Yes | F12: The project's approach to strengthening women's participation was to set and monitor sex-disaggregated participation across all capacity-building activities, rather than treat gender as a stand-alone stream of work. This is reflected across the project's training record: women made up 73 percent of ToxicNet network members trained nationally in Kazakhstan and a consistent share of participants in registration, exposure-assessment and IPM trainings across all five countries, with results tracked and reported by sex throughout implementation. The regional ToxicNet risk-communication network, which by end-2025 comprised 151 members/organisations across four countries under a formal Network Charter, provides a continuing platform for women's engagement beyond project closure.
B16: c. generating socio-economic benefits or services for women | E16: Yes | F16: The project's approach to generating economic benefit for women centred on introducing lower-cost, lower-risk alternatives to conventional pesticide use that are more accessible to women than existing practice. In Türkiye, the project's IPM model demonstrated that pheromone dispensers — unlike conventional pesticide spraying, typically carried out by men — can be installed by women, opening a role in orchard management not previously accessible to them while eliminating personal protective equipment costs and exposure risk. Training in safer pesticide handling reached women farmers directly across the region, including 75 out of 154 farmers trained in Kazakhstan, and women and youth comprising 30 percent of the 1,500 farmers trained in Azerbaijan. Training on pesticide-poisoning diagnosis and treatment, which reached predominantly female health workers (87 of 138 medical staff trained across three countries), also strengthened women's professional standing in the health sector.
B20: Any other good practices on gender | E20: Yes | F20: Gender was mainstreamed as a cross-cutting consideration throughout the project rather than managed as a separate stream of work: sex-disaggregated data collection was applied as standard practice across all training and monitoring activities, and a dedicated regional gender study "Gender Dynamics in Pesticide Use and Management in Central Asia and Türkiye" (2025) — was commissioned specifically to generate an evidence base on gender-specific vulnerabilities in pesticide exposure and access to protective equipment, drawing on surveys with nearly 600 farmers and over 100 experts across four countries.

Sheet 11. Knowledge Management
B2: 11. Knowledge and Learning Activities
B4: Knowledge activities/products (when applicable), as outlined in Knowledge Management (and Learning) Approach approved at CEO Endorsement/Approval, during this reporting period. (This section will be uploaded to the GEF Portal)
B6: Knowledge management and Learning (KML): Does the project have a KML strategy? | E6: No
B8: If YES, what is the implementation progress? In your answer, please describe how the project is fostering knowledge sharing and learning among stakeholders at national and sub-national level.
B10: If NO, how does the project identify, collect and document good practices? | E10: The project does not have a dedicated knowledge management strategy, but has published a large number of various information materials, guidelines and videos, summarising good practices implemented by the project (e.g. IPM, safeguarding, site remediation, etc.). Materials are available on the project website. Technical reports are shared with counterpart governments. GEF has requested the project to document in detail all steps undertaken to assess, test and permit co-processing for POPs-disposal.
B14: Please list good practices, including key-technical and/or institutional innovations, from the project thus far. | E14: Co-processing at a modern dry kiln can successfully dispose POPs. IPM can reduce pesticide use levels by 20-100 %. A post-sales inspection system for spraying equipment is further important to reduce pesticide use levels. Bio- and phyto-remediation are effective and economic methods for remediating POPs pesticide contaminated soil. Efficient (electronic) pesticide registration systems, connected with a container tracking system, are important to control the pesticide market.
B20: Communication strategy: Does the project have a communication strategy? | E20: No
B23: Please provide a brief overview of the communications successes and challenges this fiscal year. | E23: Development of a series of youtube short and resource documents for keeping the learnings of the project available for future use.
B29: Human-interest story: Please share a human-interest story from your project, focusing on how the project has helped to improve people's livelihoods while contributing to achieving the expected Global Environmental Benefits. Please indicate any Socio-economic Co-benefits that were generated by the project. Include at least one beneficiary quote and perspective, and please also include related photos and photo credits. | E29: See various youtube short on project website
B43: Please provide links to related website, social media account | E43: Project website: https://www.fao.org/in-action/pesticides-central-asia/en
B47: Please provide a list of publications, leaflets, video materials, newsletters, or other communications assets publised on the web, if any. | E47: A. Technical Reports and Studies 1. Regional Disposal Strategy for Obsolete Stocks (2021) 2. Regional Report on CMS and Agricultural Plastic Waste (APW) Baselines (2023) 3. Regional Report on contaminated land baseline assessment 4. Legal Assessment Reports for Azerbaijan, Kazakhstan, Kyrgyzstan, and Tajikistan (including synthesis report) 5. National pesticide lifecycle management roadmaps (Azerbaijan, Kazakhstan, Kyrgyzstan, Tajikistan) 6. Regional Report: Gender, socio-economic and health dimensions of pesticide use and management in Central Asia and Türkiye (2025) 7. Pesticide Exposure Assessment Studies (Two phases in 2023 and 2024 in Kazakhstan, Kyrgyzstan, Tajikistan) 8. Assessment of Pest Surveillance Systems in Azerbaijan, Kyrgyzstan, Tajikistan 9. Report on Climate Change Impact on 20 Crop Pests in the FAO REU region (2021) 10. HHP Assessment Reports for all five project countries 11. Report on Identification of Alternatives to alpha-cypermethrin and thiacloprid (HHP) 12. National Profile for the Rotterdam Convention (Azerbaijan and Tajikistan) 13. Feasibility Assessments for cement kiln co-processing in Azerbaijan and Kazakhstan (benchmark report against Basel Convention 2020, scientific-technical study 2023) 14. Regional IPM Strategy 15. National IPM Action Plans (Kazakhstan, Kyrgyzstan, Azerbaijan) 16. Training Materials on Diagnosis and Treatment of Pesticide Poisoning for medical staff 17. National inventory of obsolete pesticides and associated materials (Azerbaijan, Kazakhstan, Kyrgyzstan, Türkiye) 18. Digital high-resolution maps for site management planning of Vakhsh and Bagara sites (Tajikistan) as well as Ujar site and Jangi storage facility (Azerbaijan) 19. Report on contaminated site assessment for the Leninsk site (Kazakhstan) 20. Conceptual Site Model and Remedial Approach for the Ujar site (Azerbaijan) 21. Report on establishing school gardens (Azerbaijan) 22. National reports on IPM pilot implementations (for all countries) 23. Policy Paper: Gender dynamics in pesticide use and management in Central Asia and Turkiye (English and Russian) B. Practical Guidelines, Manuals, and Handbooks 1. Manual for Trainers on integrated pest management in Apple Production (for Türkiye) 2. Manual on Contaminated Site Management (Azerbaijan, based on Stockholm Convention guidelines) 3. Guidance for producers to reduce pesticide use for annual and perennial crops (Turkish and English) 4. Standard operating procedures (SOPs) for Jangi Storage Facility (for Azerbaijan) 5. Waste Management Information System for Jangi Storage Facility (for Azerbaijan, IT programme) 6. Electronic Pesticide Registration System (for Kyrgyzstan, IT programme) 7. 10 FAO Handbooks and Guidelines on agricultural practices and reduced pesticide use (various, some translated into Turkish and Azerbaijani) › The International Code of Conduct on Pesticide Management; › Guidelines on Prevention and Management of Pesticide Resistance; › Guidance on Pest and Pesticide Management Policy Development; › Guidelines for Personal Protection when Handling and Applying Pesticides; › Guidelines on Good Practice for Ground Application of Pesticides; › Guidelines on Management Options for Empty Pesticide Containers; › Guidelines on the Organization of Schemes for Testing and Certification of Agricultural Pesticide Sprayers in Use; › Guidelines on Highly Hazardous Pesticides; › Agroecology in Europe and Central Asia: An overview; › Activity book: Healthy Plants, Healthy Planet. 8. Upcoming publication on: Promotion of Integrated Pest Management in Central Asia and Türkiye within the scope of Lifecycle Management of Pesticides and Disposal of POPs Pesticides in Central Asian countries and Türkiye. 9. Upcoming publication on: Treatment and response to pesticide poisoning for health care professionals and introduction of the poison centre concept C. Awareness-Raising Materials (Leaflets, Posters, Booklets and Digital Presence) 1. Project Leaflet (in English, Russian, and Kazakh) 2. Leaflets and Posters on obsolete pesticide risks (Tajik and English) 3. Leaflet on Empty Pesticide Container Management (Azerbaijani) 4. Leaflet on Bio- and Phyto-Remediation Technologies (English and Russian) 5. Leaflet on Pesticide Lifecycle Management: Facilitating Safer and Greener Agriculture (English, Russian and Azerbaijani) 6. Leaflet on Apple Scab Disease Control (Turkish) 7. 8 IPM-themed Leaflets (Turkish) 8. Illustrated Manuals/Brochures: “Tomato pests in Tajikistan and methods of their control” and “Potato pests in Tajikistan and methods of their control” (Tajik) 9. Children’s Books on pesticide risks and alternatives: Sue’s Apple Orchard (English, Turkish, Azerbaijani, Russian) 10. “ToxicNet” Network Website and Social Media Channels (Instagram, Facebook, TikTok, weekly newsletters) 11. Poster on Integrated Pest Management (2025) 12. Upcoming poster on pesticides health risks 13. Upcoming leaflet on Bio- and Phyto- Remediation in Kyrgyzstan and Kazakhstan (English and Russian) D. Audiovisual Materials 1. Project Website: https://www.fao.org/in-action/pesticides-central-asia (Regularly updated with news and publications) 2. FAO YouTube Channel Video: “Promotion of Integrated Pest Management pays off in reduction of pesticide use in Turkey” (Türkiye) (2022) 3. FAO YouTube Channel Video: “Improving obsolete pesticide management in Azerbaijan: Safeguarding in Jangi” (Azerbaijan) (2023) 4. FAO YouTube Channel Video: “Pesticide Management in Central Asia” (Regional) (2025) 5. FAO YouTube Channel Shorts: “Experience sharing on integrated pest management in apple production in Türkiye” (Türkiye) (2023) 6. FAO YouTube Channel Video: “Innovative Pesticide Management for a Sustainable Agricultural Future in Central Asia and Türkiye”- Project End Video (Regional) (2025) 7. FAO YouTube Channel Video: “Integrated Pest Management in Central Asian Countries and Türkiye to reduce pesticide use” (Regional) (2026) 8. FAO YouTube Channel Video: “From poison to promise” (2026) 9. FAO YouTube Channel Video: “Little hands, big harvest” (2026) 10. FAO YouTube Channel Video: “A student’s message” (2026) 11. FAO YouTube Channel Videos: Country Specific Achievements (2026) - Upcoming video on Azerbaijan, - Upcoming video on Kazakhstan, - Kyrgyzstan: “Protecting Kyrgyzstan against pesticide risk” - Tajikistan: “A new era of pesticide management in Tajikistan” - Türkiye: “Pesticide management in Türkiye” 12. FAO YouTube Channel Video: “A Clean start for Tajikistan”-Soil remediation on Village#1 in Tajikistan (2026) 13. FAO YouTube Channel Video: Upcoming video on Performance Test in Azerbaijan 14. Awareness Video on pesticide risks (Translated into 5 languages for ToxicNet) (2025) 15. Four Project Webinars held on specialized topics (e.g. POPs disposal, container management, pest surveillance, HHP and soil management) E. Periodic Reporting 1. Six Project Implementation Reports submitted to the GEF 2. Project Yearbooks 2021, 2022, 2023 (Describing annual progress in each country, in English and Russian) 3. Project end publication: From stockpiles to sustainability: Seven years of transforming pesticide management in Central Asia and Türkiye (2025) F. Scientific and Conference Contributions 1. Article: “The Effect of Mating Disruption Pheromone Dispensers on the Control of the Codling Moth [Cydia pomonella L.] (Lep.: Tortricidae) in Lake District Apple Orchards” (Published in Fruit Science Journal, 2023) 2. Presentation at the 6th Biocidal Conference, Antalya (2022) 3. Special Session dedicated to Central Asian challenges at the 14th HCH & Pesticide Forum (2023) 4. Presentation at the 16th Joint FAO/WHO Meeting on Pesticide Management (JMPM) (2023) 5. Input to the 17th JMPM (2024) on regional progress.
B51: Please indicate the Communication and/or knowledge management focal point's name and contact detais. | E51: Ms. Birim Mor, birim.mor@fao.org

Sheet 12. Indigenous & Local Involve.
B2: 12. Indigenous Peoples and Local Communites Involvement
B4: Are Indigenous Peoples and local communities involved in the project (as per the approved Project Document)? If yes, please briefly explain.
B6: If applicable, please describe the process and current status of on-going/completed, legitimate consultations to obtain Free, Prior and Informed Consent (FPIC) with the indigenous communities. N/A Do indigenous peoples and/or local communities have an active partcipation in the project activities? If yes, briefly describe how.

Sheet 13. Co-Financing Table
B2: 13. Co-Financing Table
B4: Sources of Co-financing | D4: Name of Co-financer | I4: Type of Co-financing | K4: Amount Confirmed at CEO endorsement/approval (in USD) | N4: Actual Amount Materialized at 30 June 2026 (in USD)
B6: Recipient Country Government | D6: Azerbaijan MoA** | I6: Other | K6: 2000000 | N6: 0
B7: Recipient Country Government | D7: Azerbaijan MoA** | I7: In-kind | K7: 1600000 | N7: 2749171
B8: Recipient Country Government | D8: Azerbaijan MoE** | I8: In-kind | K8: 1400000 | N8: 0
B9: Recipient Country Government | D9: Kazakhstan MoA | I9: In-kind | K9: 3000000 | N9: 4824801
B10: Recipient Country Government | D10: Kazakhstan MoE | I10: In-kind | K10: no pledge | N10: 152928
B11: Recipient Country Government | D11: Kyrgyzstan MoA* | I11: In-kind | K11: 650000 | N11: 895000
B12: Recipient Country Government | D12: Kyrgyzstan SAEPF* | I12: In-kind | K12: 350000 | N12: 190000
B13: Recipient Country Government | D13: Tajikistan MoA | I13: In-kind | K13: 650000 | N13: 119375
B14: Recipient Country Government | D14: Tajikistan MoA | I14: Other | K14: 350000 | N14: 529721
B15: Recipient Country Government | D15: Tajikistan CEP | I15: In-kind | K15: 3000000 | N15: 0
B16: Recipient Country Government | D16: Tajikistan CEP | I16: Other | K16: 3300000 | N16: 112598394
B17: Recipient Country Government | D17: MoA Türkiye | I17: Other | K17: 10000000 | N17: 910152.14
B18: Recipient Country Government | D18: MoA Türkiye | I18: In-kind | K18: 2400000 | N18: 2423756
B19: GEF Agency | D19: FAO FTPP, FTFP | I19: Grant | K19: 7000000 | N19: 6069244
B20: GEF Agency | D20: FAO TCP | I20: Grant | K20: 600000 | N20: 0
B21: GEF Agency | D21: FAO Locust | I21: Grant | K21: 1000000 | N21: 327060
B22: GEF Agency | D22: FAO Regular | I22: Other | K22: 1000000 | N22: 1077164
B23: GEF Agency | D23: FAO 040 | I23: Grant | K23: no pledge | N23: 280190
B24: GEF Agency | D24: FAO STDF | I24: Grant | K24: no pledge | N24: 160400
B25: Others | D25: Tajikistan EC | I25: Other | K25: no pledge | N25: 3000
B26: Others | D26: Tajikistan JICA | I26: Other | K26: no pledge | N26: 5000
B27: Others | D27: Tajikistan UNECE | I27: In-kind | K27: no pledge | N27: 25000
B28: Others | D28: Tajikistan UNEP | I28: In-kind | K28: no pledge | N28: 25000
B29: Others | D29: World Bank | I29: In-kind | K29: no pledge | N29: 325150
B30: Total | I30: Total | K30: =SUM(K6:M29) -> 38300000 | N30: =SUM(N6:P29) -> 1.3369051e+08
B33: Please explain any significant changes in project co-financing since CEO Endorsement/Approval, or differences between the pledged and materialized co-financing amounts.
B37: GEF CoFinancing Guidelines 2018
F63: 1000000

Sheet 14. GEO Location
B2: 14. Geo Location Information
B4: This section should be completed ONLY by projects with 1st PIR and in case the geographic coverage of project activities has changed since last reporting period. This information is required by GEF Secretariat in GEF Portal
B6: Are there any changes in the geographic coverage of the project activities since the last PIR report? | K6: Yes
B9: Location Name | E9: Latitude | G9: Longitude | I9: Geo Name ID | L9: Location & Activity Description*
B10: Holcim Garadagh cement plant, Sahil settlement, Azerbaijan | E10: 40.223008 | F10: 49.558072 | G10: 49.558072 | H10: 49.558072 | L10: Co-processing trial (2026)
B11: Nekrasovka, Denisov district, Kostanay oblast | E11: 52.440022 | G11: 61.754475 | L11: Safeugarding of obsolete pesticides April 2026
B12: Bulak-Bashy, Batken, Kyrgyzstan | E12: 39.999911 | G12: 69.576578 | L12: 2026 safeguarding site
